 Dungeon Crawl Stone Soup version 0.30.1-11-g7821555f0a (webtiles) character file.

Game seed: 12794322319671052771

14109002 PlayingRandomsOnly the Archmage (level 27, 224/224 HPs)
             Began as an Octopode Air Elementalist on Dec 26, 2023.
             Was the Champion of Cheibriados.
             Escaped with the Orb
             ... and 15 runes on Dec 30, 2023!
             The game lasted 16:04:40 (113564 turns).

PlayingRandomsOnly the Archmage (OpAE)            Turns: 113564, Time: 16:04:40

Health: 224/224    AC: 15    Str: 34    XL:     27
Magic:  63/63      EV: 54    Int: 64    God:    Cheibriados [******]
Gold:   14354      SH: 35    Dex: 35    Spells: 4/80 levels left

rFire   + + +        a - +3 Elemental Staff {rElec rF+ rC+ AC+3}
rCold   + + +        L - +8 tower shield "Niwk" {rCorr Dex+4}
rNeg    + + +        Y - +2 hat of Privacy {Fly rPois rCorr Int+3 Stlth+}
rPois   +            n - amulet of Vitality {RegenMP++ Regen++}
rElec   +            v - ring of Incredulity {Fire Contam rN+++ Will+ MP-9}
rCorr   +            u - ring "Weskala" {Wiz rElec Dex+4}
SInv    .            H - ring "Ywkiuker" {rElec rN+ Will+ Int+6 Stlth+}
Will    ++++.        N - ring of Tempters {rC+++ Will- EV+5}
Stlth   ++++         S - ring "Ethegir" {rF+ Will+ Str+5 Int+6 Stlth-}
HPRegen 2.97/turn    k - ring of the Tortoise {AC+8}
MPRegen 1.18/turn    o - ring of Xaezxoen {Wiz MP+9 Int+6 Dex+2}
                     X - ring of Scepticism {Wiz rF+++ MP+9 Str+5 Dex-4}

%: wizardry (x3)
@: flying, studying 3 skills, very slow
A: almost no armour, amphibious, 8 rings, camouflage 1, gelatinous body 1,
(nimble swimmer 1), tentacles, tentacle spike 1, poison resistance, regeneration
1, shaggy fur 1, no potion heal 1
0: Orb of Zot
}: 15/15 runes: barnacled, slimy, silver, golden, iron, obsidian, icy, bone,
abyssal, demonic, glowing, magical, fiery, dark, gossamer
a: Renounce Religion, Bend Time, Temporal Distortion, Slouch, Step From Time


You escaped.
You worshipped Cheibriados.
Cheibriados was exalted by your worship.
You visited 17 branches of the dungeon, and saw 86 of its levels.
You visited Pandemonium 1 time, and saw 17 of its levels.
You visited the Abyss 2 times.
You visited 1 bazaar.
You completed 1 ziggurat, and saw 27 of its levels.
You also visited: Trove, Gauntlet, Ice Cave, Volcano and Desolation.

You collected 19827 gold pieces.
You spent 5473 gold pieces at shops.

Inventory:

Hand Weapons
 a - the +3 Elemental Staff (weapon) {rElec rF+ rC+ AC+3}
   (You found it in the Desolation of Salt)

   It enhances your fire, ice, earth and air magic.
   AC:        It affects your AC (+3).
   rF:        It protects you from fire.
   rC:        It protects you from cold.
   rElec:     It insulates you from electricity.
 b - the +5 short sword of the Boar {protect, *Rage Will+++ rCorr Stlth-}
   (You took it off a merfolk on level 4 of the Shoals)

   *Rage:     It berserks you when you make melee attacks (+20% chance).
   rCorr:     It protects you from acid and corrosion.
   Will:      It greatly increases your willpower.
   Stlth:     It makes you less stealthy.
Armour
 L - the +8 tower shield "Niwk" (worn) {rCorr Dex+4}
   (You took it off a daeva in Pandemonium)

   Dex:       It affects your dexterity (+4).
   rCorr:     It protects you from acid and corrosion.
 Y - the +2 hat of Privacy (worn) {Fly rPois rCorr Int+3 Stlth+}
   (You found it on level 1 of the Shoals)

   Int:       It affects your intelligence (+3).
   rPois:     It protects you from poison.
   Fly:       It grants you flight.
   rCorr:     It protects you from acid and corrosion.
   Stlth:     It makes you more stealthy.
Jewellery
 e - the ring "Qoyfip" {rC++ Int+6 Stlth+}
   (You found it on level 3 of the Tomb of the Ancients)

   [ring of intelligence]

   Int:       It affects your intelligence (+6).
   rC:        It greatly protects you from cold.
   Stlth:     It makes you more stealthy.
 k - the ring of the Tortoise (on tentacle) {AC+8}
   (You found it on level 27 of a ziggurat)

   [ring of protection]

   AC:        It affects your AC (+8).
 n - the amulet of Vitality (around mantle) {RegenMP++ Regen++}
   (You took it off a deep elf demonologist on level 3 of the Elven Halls)

   [amulet of magic regeneration]

   It increases your rate of magic regeneration.
   Regen:     It increases your rate of health regeneration.
 o - the ring of Xaezxoen (on tentacle) {Wiz MP+9 Int+6 Dex+2}
   (You found it on level 2 of the Realm of Zot)

   [ring of wizardry]

   It improves your spell success rate.
   Int:       It affects your intelligence (+6).
   Dex:       It affects your dexterity (+2).
   MP:        It affects your magic capacity (+9).
 u - the ring "Weskala" (right tentacle) {Wiz rElec Dex+4}
   (You found it in the Desolation of Salt)

   [ring of wizardry]

   It improves your spell success rate.
   Dex:       It affects your dexterity (+4).
   rElec:     It insulates you from electricity.
 v - the ring of Incredulity (left tentacle) {Fire Contam rN+++ Will+ MP-9}
   (You took it off a deep elf master archer on level 3 of the Elven Halls)

   [ring of fire]

   It enhances your fire magic.
   rF:        It protects you from fire.
   rC:        It makes you vulnerable to cold.
   rN:        It renders you almost immune to negative energy.
   MP:        It affects your magic capacity (-9).
   Contam:    It causes magical contamination when unequipped.
   Will:      It increases your willpower.
 H - the ring "Ywkiuker" (on tentacle) {rElec rN+ Will+ Int+6 Stlth+}
   (You found it on level 3 of the Tomb of the Ancients)

   [ring of intelligence]

   Int:       It affects your intelligence (+6).
   rElec:     It insulates you from electricity.
   rN:        It protects you from negative energy.
   Will:      It increases your willpower.
   Stlth:     It makes you more stealthy.
 M - the ring "Gimikaoj" {rF+ Will+ Int+3 Dex+6}
   (You bought it in a shop on level 1 of the Depths)

   [ring of dexterity]

   Int:       It affects your intelligence (+3).
   Dex:       It affects your dexterity (+6).
   rF:        It protects you from fire.
   Will:      It increases your willpower.
 N - the ring of Tempters (on tentacle) {rC+++ Will- EV+5}
   (You took it off a purple draconian on level 2 of the Realm of Zot)

   [ring of evasion]

   EV:        It affects your evasion (+5).
   rC:        It renders you almost immune to cold.
   Will:      It decreases your willpower.
 Q - the amulet "Itotaliuti" {Spirit Slay+2}
   (You found it on level 7 of Tartarus)

   [amulet of guardian spirit]

   It causes incoming damage to be divided between your reserves of health and
   magic.
   Slay:      It affects your accuracy & damage with ranged weapons and melee
   (+2).
 S - the ring "Ethegir" (on tentacle) {rF+ Will+ Str+5 Int+6 Stlth-}
   (You acquired it on level 5 of the Realm of Zot)

   [ring of intelligence]

   Str:       It affects your strength (+5).
   Int:       It affects your intelligence (+6).
   rF:        It protects you from fire.
   Will:      It increases your willpower.
   Stlth:     It makes you less stealthy.
 X - the ring of Scepticism (on tentacle) {Wiz rF+++ MP+9 Str+5 Dex-4}
   (You found it on level 3 of the Lair of Beasts)

   [ring of wizardry]

   It improves your spell success rate.
   Str:       It affects your strength (+5).
   Dex:       It affects your dexterity (-4).
   rF:        It renders you almost immune to fire.
   MP:        It affects your magic capacity (+9).
Wands
 w - a wand of charming (134)
 E - a wand of iceblast (132)
 G - a wand of light (84)
 R - a wand of mindburst (109)
Scrolls
 c - 15 scrolls of immolation
 f - 35 scrolls of teleportation
 g - 6 scrolls of magic mapping
 i - 10 scrolls of noise
 r - 12 scrolls of silence
 x - 11 scrolls of vulnerability
 y - 7 scrolls of butterflies
 C - 16 scrolls of poison
 I - 2 scrolls of amnesia
 J - 10 scrolls of blinking
 P - 12 scrolls of fear
 W - 19 scrolls of fog
 Z - 3 scrolls of torment
Potions
 d - 10 potions of cancellation
 h - 15 potions of attraction
 j - 7 potions of ambrosia
 l - 10 potions of mutation
 p - 6 potions of haste
 q - 11 potions of brilliance
 s - 22 potions of might
 t - 46 potions of curing
 A - 6 potions of heal wounds
 D - 16 potions of resistance
 F - 3 potions of lignification
 O - 8 potions of berserk rage
 U - 5 potions of invisibility
 V - 5 potions of magic
Miscellaneous
 m - a phial of floods
 z - a lightning rod (4/4)
 B - a phantom mirror
 K - a condenser vane
 T - 2 +1 figurines of a ziggurat


   Skills:
 O Level 27 Fighting
 - Level 12.0 Staves
 O Level 27 Dodging
 - Level 23.7 Stealth
 - Level 20.0 Shields
 + Level 19.1 Unarmed Combat
 O Level 27 Spellcasting
 - Level 20.0 Conjurations
 - Level 15.0 Hexes
 + Level 20.0 Summonings
 - Level 10.0 Translocations
 - Level 6.0 Transmutations
 - Level 25.6 Fire Magic
 - Level 10.0 Ice Magic
 - Level 24.0 Air Magic
 - Level 18.0 Earth Magic
 - Level 8.0 Poison Magic
 - Level 13.0 Invocations
 - Level 19.0 Evocations


You had 4 spell levels left.
You knew the following spells:

 Your Spells              Type           Power      Damage    Failure   Level
a - Dragon's Call         Summ           74%        N/A       1%          9
b - Plasma Beam           Fire/Air       100%       2x1d131   0%          6
c - Passage of Golubria   Tloc           100%       N/A       0%          4
d - Sublimation of Blood  Necr           72%        N/A       1%          2
e - Death Channel         Necr           36%        N/A       2%          6
f - Blink                 Tloc           100%       N/A       0%          2
g - Storm Form            Tmut/Air       80%        N/A       1%          7
h - Enfeeble              Hex            67%        N/A       1%          7
i - Ignition              Fire           100%       3d25      0%          8
j - Manifold Assault      Tloc           100%       N/A       0%          4
k - Vhi's Electric Charg  Tloc/Air       100%       N/A       0%          3
l - Statue Form           Tmut/Erth      100%       N/A       1%          6
m - Apportation           Tloc           100%       N/A       0%          1
n - Lesser Beckoning      Tloc           100%       N/A       0%          2
o - Shatter               Erth           84%        3d61*     1%          9

Your spell library contained the following spells:

 Spells                   Type           Power      Damage    Failure   Level
 Beastly Appendage        Tmut           100%       N/A       0%          1
 Foxfire                  Conj/Fire      100%       2x1d9     0%          1
 Freeze                   Ice            100%       1d10      0%          1
 Kiss of Death            Conj/Necr      100%       2d13      0%          1
 Magic Dart               Conj           100%       1d8       0%          1
 Sandblast                Erth           100%       2d20      0%          1
 Shock                    Conj/Air       100%       1d9       0%          1
 Sting                    Tmut/Pois      100%       1d8       0%          1
 Summon Small Mammal      Summ           100%       N/A       0%          1
 Call Imp                 Summ           100%       N/A       0%          2
 Cigotuvi's Dreadful Rot  Necr/Pois/Air  100%       N/A       0%          2
 Ensorcelled Hibernation  Hex/Ice        100%       N/A       0%          2
 Momentum Strike          Conj/Tloc      100%       3d10      0%          2
 Passwall                 Tmut/Erth      100%       N/A       0%          2
 Poisonous Vapours        Pois/Air       100%       N/A       0%          2
 Searing Ray              Conj           100%       2d8       0%          2
 Static Discharge         Conj/Air       100%       2-7/arc   0%          2
 Wereblood                Tmut           100%       N/A       0%          2
 Call Canine Familiar     Summ           100%       N/A       0%          3
 Confusing Touch          Hex            100%       N/A       0%          3
 Dazzling Flash           Conj/Hex       100%       N/A       0%          3
 Frozen Ramparts          Ice            100%       1d16      0%          3
 Gell's Gravitas          Tloc           100%       N/A       0%          3
 Hailstorm                Conj/Ice       100%       3d20      0%          3
 Ignite Poison            Fire/Tmut/Pois 100%       N/A       0%          3
 Inner Flame              Hex/Fire       100%       N/A       0%          3
 Mephitic Cloud           Conj/Pois/Air  100%       N/A       0%          3
 Ozocubu's Armour         Ice            100%       N/A       0%          3
 Portal Projectile        Hex/Tloc       100%       N/A       0%          3
 Spider Form              Tmut/Pois      100%       N/A       0%          3
 Stone Arrow              Conj/Erth      100%       3d13      0%          3
 Summon Guardian Golem    Hex/Summ       100%       N/A       0%          3
 Swiftness                Air            100%       N/A       0%          3
 Teleport Other           Tloc           100%       N/A       0%          3
 Tukima's Dance           Hex            100%       N/A       0%          3
 Volatile Blastmotes      Fire/Tloc      100%       2d18      0%          3
 Airstrike                Air            92%        2d(14-30) 0%          4
 Cause Fear               Hex            67%        N/A       0%          4
 Flame Wave               Conj/Fire      100%       2d21      0%          4
 Fulminant Prism          Conj/Hex       71%        3d29      0%          4
 Iskenderun's Mystic Bla  Conj/Tloc      100%       2d19      0%          4
 Leda's Liquefaction      Hex/Erth       82%        N/A       0%          4
 Petrify                  Tmut/Erth      100%       N/A       0%          4
 Sticky Flame             Conj/Fire      100%       2d11      0%          4
 Summon Ice Beast         Ice/Summ       100%       N/A       0%          4
 Summon Lightning Spire   Summ/Air       100%       N/A       0%          4
 Necrotise                Necr           100%       1d9       1%          1
 Vampiric Draining        Necr           72%        2d11      1%          3
 Anguish                  Hex/Necr       55%        N/A       1%          4
 Animate Dead             Necr           72%        N/A       1%          4
 Dispel Undead            Necr           72%        3d24      1%          4
 Ice Form                 Ice/Tmut       100%       N/A       1%          4
 Olgreb's Toxic Radiance  Pois           100%       N/A       1%          4
 Arcjolt                  Conj/Air       89%        1d99      0%          5
 Fireball                 Conj/Fire      100%       3d36      0%          5
 Freezing Cloud           Conj/Ice/Air   98%        6-21      0%          5
 Irradiate                Conj/Tmut      64%        3d33      0%          5
 Iskenderun's Battlesphe  Conj           100%       2d15      0%          5
 Lee's Rapid Deconstruct  Erth           84%        3d37*     0%          5
 Metabolic Englaciation   Hex/Ice        76%        N/A       0%          5
 Silence                  Hex/Air        86%        N/A       0%          5
 Summon Forest            Summ/Tloc      67%        N/A       0%          5
 Summon Mana Viper        Hex/Summ       100%       N/A       0%          5
 Conjure Ball Lightning   Conj/Air       89%        3x3d33    0%          6
 Iron Shot                Conj/Erth      86%        9d16      0%          6
 Starburst                Conj/Fire      100%       6d25      0%          6
 Summon Cactus Giant      Summ           74%        N/A       0%          6
 Monstrous Menagerie      Summ           74%        N/A       0%          7
 Orb of Destruction       Conj           74%        9d17      0%          7
 Spellforged Servitor     Conj/Summ      74%        N/A       0%          7
 Summon Hydra             Summ           74%        N/A       0%          7
 Agony                    Necr           72%        N/A       1%          5
 Alistair's Intoxication  Tmut/Pois      72%        N/A       1%          5
 Blade Hands              Tmut           52%        N/A       1%          5
 Borgnjor's Vile Clutch   Necr/Erth      70%        N/A       1%          5
 Yara's Violent Unravell  Hex/Tmut       60%        3d23      1%          5
 Dispersal                Tloc           60%        N/A       1%          6
 Eringya's Noxious Bog    Tmut/Pois      54%        N/A       1%          6
 Simulacrum               Ice/Necr       61%        N/A       1%          6
 Dragon Form              Tmut           52%        N/A       1%          7
 Haunt                    Necr/Summ      60%        N/A       1%          7
 Malign Gateway           Summ/Tloc      67%        N/A       1%          7
 Ozocubu's Refrigeration  Ice            72%        4d23      1%          7
 Discord                  Hex            67%        N/A       1%          8
 Disjunction              Tloc           60%        N/A       1%          8
 Lehudib's Crystal Spear  Conj/Erth      86%        10d19     1%          8
 Maxwell's Capacitive Co  Air            92%        ∞         1%          8
 Summon Horrible Things   Summ           74%        N/A       1%          8
 Chain Lightning          Conj/Air       89%        3d119     1%          9
 Fire Storm               Conj/Fire      100%       8d25      1%          9
 Polar Vortex             Ice            72%        N/A       26%         9
 Necromutation            Tmut/Necr      45%        N/A       30%         8
 Borgnjor's Revivificati  Necr           36%        N/A       67%         8
 Infestation              Necr           36%        N/A       67%         8
 Death's Door             Necr           36%        N/A       100%        9
 Animate Armour           Summ/Erth      Unusable   N/A       N/A         4

Dungeon Overview and Level Annotations

Branches:
Dungeon (15/15)            Temple (0/1) D:7            Lair (5/5) D:8
 Shoals (4/4) Lair:2       Spider (4/4) Lair:3        Slime (5/5) Lair:4
    Orc (2/2) D:9             Elf (3/3) Orc:2        Vaults (5/5) D:14
  Crypt (3/3) Vaults:2       Tomb (3/3) Crypt:3      Depths (4/4) D:15
   Hell (visited)             Dis (7/7) Hell            Geh (7/7) Hell
    Coc (7/7) Hell            Tar (7/7) Hell            Zot (5/5) Depths:4
  IceCv (visited)         Volcano (visited)         Desolation (visited)
Gauntlet (visited)

Altars:
Cheibriados
Elyvilon
Fedhas
Gozag
Hepliaklqana
Makhleb
Okawaru
Qazlal
Ru
Trog
Uskayaw
Vehumet
Wu Jian
Xom
The Shining One
Jiyva

Shops:
D:8 =*:   Orc:2 !==[   Elf:1 (   Shoals:3 *   Vaults:2 :   Vaults:3 (??
Vaults:4 *   Depths:1 :!=

Portals:
Hell: Depths:1 Depths:2 Depths:3 Depths:4
Abyss: Depths:3
Pandemonium: Depths:1 Depths:2


Innate Abilities, Weirdness & Mutations

You cannot wear most types of armour.
You are amphibious.
You can wear up to eight rings at the same time.
Your skin changes colour to match your surroundings (Stealth+).
Your rubbery body absorbs attacks. (AC +1, EV +1)
((You are camouflaged when in or above water. (Stealth+)))
You have tentacles for arms and can constrict up to eight enemies at once.
One of your tentacles bears a spike.
Your system is resistant to poisons. (rPois)
Your natural rate of healing is unusually fast.
You are covered in fur. (AC +1)
Potions are less effective at restoring your health.


Message History

You buffet Kokhak!
Kokhak is lightly wounded.
Kokhak completely misses you.
You buffet Kokhak!
Kokhak is lightly wounded.
Kokhak tramples you!!
You are shoved backwards!
Kokhak tramples you but does no damage.
You blast Kokhak!!!!
Kokhak is heavily wounded.
Kokhak tramples you but does no damage.
You buffet Kokhak!
You punch Kokhak, but do no damage.
Kokhak is severely wounded.
Kokhak completely misses you.
You batter Kokhak!!
Kokhak is severely wounded.
Kokhak barely misses you.
You blast Kokhak!!!
Kokhak is almost dead.
You blast Kokhak!!!
You kill Kokhak!
Cheibriados thoroughly appreciates the change of pace.
Your Summonings skill increases to level 20!
HP restored.
Magic restored.
There is a stone staircase leading up here.
You fly upwards.
There is a stone staircase leading down here.
There is a stone staircase leading up here.
You fly upwards.
There is a stone staircase leading down here.
Your transformation is almost over.
Your transformation has ended.
The +3 Elemental Staff {rElec rF+ rC+ AC+3} unmelds from your body.
The +2 hat of Privacy {Fly rPois rCorr Int+3 Stlth+} unmelds from your body.
The +8 tower shield "Niwk" {rCorr Dex+4} unmelds from your body.
You fly up into the air.
You reach down and open the door.
There is an open door here.
There is a staircase leading out of the dungeon here.
You have escaped!

#.#### #.....# #....#
#.##### ####### ####.# #.#
#...... #.# #.# #.#####
#.# #.# #.# # #.# #.# #.#
# #.# #.### ##### #.# #
#.# #...###...# #.#####
#.# ######@###.# #......
#.# #....#.# #.# #######
#.# #.##.#.# #.# # #####.#
#.##.#.# #.# # #...#.#
#.##.#.###.##### #
###.....# #.##.#..##.....#
#
.......####.####...#####.#
# ####.#.# #.....'....##
#.# #.#.# #..####..≈..#
#.#


There were no monsters in sight!

Vanquished Creatures
  Cerebov (Pan)
  Antaeus (Coc:7)
  Asmodeus (Geh:7)
  the Royal Jelly (Slime:5)
  Gloorx Vloq (Pan)
  Ereshkigal (Tar:7)
  Mnoleg (Pan)
  A seraph (Pan)
  9 pandemonium lords
  the Serpent of Hell (Geh:7)
  Dispater (Dis:7)
  Lom Lobon (Pan)
  10 dread liches
  12 ancient liches
  10 orbs of fire
  Mara (Vaults:5)
  The ghost of Beclu the Imperceptible, a legendary GnSk of Dithmenos (Zot:2)
  Sojobo (Vaults:5)
  4 juggernauts
  Vv (Crypt:2)
  10 shard shrikes
  31 royal mummies
  Margery (Crypt:2)
  Xtahua (Crypt:1)
  4 Killer Klowns
  Geryon (Hell)
  29 caustic shrikes
  3 curse toes
  12 golden dragons
  Nikola (Shoals:1)
  6 profane servitors
  24 bone dragons
  Arachne (Spider:3)
  13 Tzitzimimeh
  2 pearl dragons (Pan)
  8 iron giants
  18 Brimstone Fiends
  8 doom hounds
  5 electric golems
  36 Hell Sentinels
  Jorgrun (D:12)
  11 hellephants
  24 tentacled monstrosities
  5 tainted leviathans
  18 Ice Fiends
  The ghost of baghtru the Severer, an adept HOFi of the Shining One (Shoals:4)
  The ghost of Plommelars the Executioner, an adept MiBe of Trog (Vaults:2)
  17 titans
  15 searing wretches
  8 liches
  29 Orb Guardians
  6 quicksilver dragons
  A shard shrike skeleton (Tar:7)
  19 deep elf blademasters
  25 deep elf master archers
  Frances (D:14)
  26 acid blobs
  16 sphinxes
  57 ancient champions
  14 death cobs
  3 krakens
  10 tentacled starspawn
  28 Executioners
  The ghost of raetorn the Brawler, an adept TrFi of Wu Jian (Spider:1)
  Agnes (Elf:1)
  Kirke (Shoals:1)
  9 tengu reavers
  A shadow dragon (Zot:2)
  A thorn hunter (Zig:19)
  The ghost of Poli the Fighter, an adept MiFi of Okawaru (Depths:3)
  21 storm dragons
  15 draconian monks
  The ghost of Borsukrates the Brawler, a journeyman TrFi of Qazlal (Spider:3)
  20 daevas
  31 azure jellies
  2 fenstrider witches (Zig:22)
  9 demonspawn warmongers
  A nagaraja (Zig:19)
  24 narguns
  7 revenants
  12 rockslimes
  11 iron dragons
  10 emperor scorpions
  7 draconian knights
  13 fire giants
  Aizul (Shoals:1)
  17 frost giants
  6 curse skulls
  20 vault wardens
  A spectral caustic shrike (Tar:1)
  16 quicksilver elementals
  44 balrugs
  8 deep elf sorcerers
  15 draconian scorchers
  A caustic shrike zombie (Zig:7)
  An imperial myrmidon (Desolation)
  4 ghouls
  7 shard shrike simulacra
  12 draconian shifters
  15 ironbound preservers
  10 orc warlords
  10 draconian annihilators
  14 ghost moths
  32 cacodemons
  3 deep elf elementalists (Elf:3)
  31 war gargoyles
  7 draconian stormcallers
  2 broodmothers (Spider:3)
  27 angels
  The ghost of Voland the Devastator, a journeyman TeAE of Sif Muna (Shoals:1)
  5 caustic shrike skeletons
  39 reapers
  42 very ugly things
  20 quicksilver oozes
  11 demonspawn blood saints
  21 ophanim (Pan)
  28 apis (Pan)
  17 black draconians
  2 juggernaut skeletons
  13 stone giants
  18 demonspawn black suns
  17 demonspawn corrupters
  18 elemental wellsprings
  19 green draconians
  6 ironbound thunderhulks
  23 deep elf annihilators
  13 vampire knights
  16 lorocyprocas
  25 deep elf demonologists
  Nessos (D:12)
  8 putrid mouths
  13 red draconians
  12 white draconians
  6 bennus
  2 eleionomae (Zig:22)
  3 halazid warlocks (Desolation)
  3 bunyips (Zig:22)
  A minotaur (Gauntlet)
  2 spectral hellephants (Crypt:2)
  13 yellow draconians
  The ghost of mihai the Eclecticist, a journeyman DECj of Sif Muna (Lair:2)
  13 wendigos
  10 spark wasps
  19 eidola
  12 dire elephants
  15 purple draconians
  28 blizzard demons
  10 fire dragons
  25 iron golems
  2 spectral elves (Crypt:2)
  18 deep elf death magi
  A spectral spriggan (Tar:2)
  20 green deaths
  2 spectral quicksilver dragons
  9 merfolk javelineers
  3 shambling mangroves (Zig:22)
  14 merfolk impalers
  8 crystal guardians
  Fannar (Lair:1)
  13 ettins
  39 mummy priests
  An entropy weaver (shapeshifter) (D:14)
  15 great orbs of eyes
  8 ragged hierophants (Desolation)
  13 entropy weavers
  18 deep elf high priests
  Josephine (D:14)
  10 jiangshi
  2 elf skeletons
  8 caustic shrike simulacra
  26 yaktaur captains
  A hydra (shapeshifter) (Depths:2)
  2 spriggan zombies
  25 hydras
  4 servants of whispers (Desolation)
  10 salamander tyrants
  43 vault guards
  A quicksilver dragon skeleton (Pan)
  6 rakshasas
  8 peacekeepers
  6 spriggan air magi
  7 ice dragons
  8 hell beasts
  A spriggan skeleton (Pan)
  3 ogre magi
  11 ironbound frosthearts
  4 alligator snapping turtles
  2 fenstrider witch zombies
  6 merfolk avatars
  3 jorogumos
  5 catoblepae
  7 radroaches
  4 death knights
  11 juggernaut simulacra
  8 stokers
  An anaconda (Zig:19)
  4 alligators (Zig:22)
  12 boulder beetles
  11 vampire magi
  5 centaur warriors
  A tengu warrior (D:14)
  14 two-headed ogres
  14 merfolk aquamancers
  4 satyrs
  A spectral naga (Tar:2)
  A boulder beetle (shapeshifter) (Depths:2)
  13 death yaks
  10 deep troll shamans
  67 death scarabs
  Urug (Lair:3)
  38 hell hogs
  8 deep troll earth magi
  41 dancing weapons
  7 spriggan berserkers
  A titan zombie (Tar:7)
  11 thrashing horrors
  17 orc high priests
  92 sun demons
  7 shock serpents
  49 soul eaters
  10 crystal echidnas
  21 hell knights
  21 deep elf knights
  10 skysharks
  31 sixfirhies
  Amaemon (Lair:3)
  4 spatial maelstroms
  2 titan skeletons
  11 wretched stars
  Nergalle (D:12)
  A spectral bunyip (Tar:1)
  16 skeletal warriors
  A salamander mystic (Depths:3)
  14 iron trolls
  6 pharaoh ants
  4 sun moths
  4 death drakes (Zig:22)
  A bunyip zombie (Crypt:1)
  10 bog bodies
  2 goliath frogs (Zig:22)
  6 glowing orange brains
  22 sea snakes
  38 deep trolls
  38 shadow wraiths
  16 cherubim (Pan)
  13 shadow demons
  17 orb spiders
  A spriggan druid (Depths:3)
  12 wizards
  7 quicksilver dragon simulacra
  19 phantasmal warriors
  8 flayed ghosts
  8 swamp dragons
  9 orange crystal statues
  7 spriggan simulacra
  24 deep elf archers
  An anaconda skeleton (Pan)
  51 deep elf zephyrmancers
  A fenstrider witch simulacrum (Coc:1)
  An iron giant skeleton (Crypt:3)
  2 golden dragon skeletons
  42 deep elf pyromancers
  4 obsidian statues
  17 orc knights
  33 wolf spiders
  15 necromancers
  8 steelbarb worms
  A sphinx zombie (Zig:7)
  11 lindwurms
  14 orc sorcerers
  25 harpies
  2 oklob plants (Shoals:4)
  8 shining eyes
  35 starcursed masses
  3 bunyip skeletons (Pan)
  A tengu skeleton (Vaults:5)
  32 ironbound convokers
  8 salamanders
  2 will-o-the-wisps (Zig:22)
  A sphinx skeleton (Crypt:3)
  2 human zombies (Vaults:5)
  A mana viper (Zig:3)
  28 ugly things
  12 manticores
  A worldbinder (Zig:12)
  A spectral centaur (Tar:1)
  15 cyclopes
  25 fauns
  A faun (shapeshifter) (Depths:3)
  2 spectral ettins (Vaults:2)
  A salamander (shapeshifter) (Depths:3)
  20 elephants
  40 moths of wrath
  22 vault sentinels
  7 guardian serpents
  4 rust devils
  An alligator snapping turtle zombie (Crypt:2)
  4 apocalypse crabs
  A stone giant skeleton (Pan)
  6 black mambas
  11 merfolk sirens
  39 demonic crawlers
  17 ice statues
  12 molten gargoyles
  113 slime creatures
  8 titan simulacra
  10 water nymphs
  A shock serpent zombie (Crypt:1)
  12 cane toads
  2 storm dragon simulacra
  15 torpor snails
  6 eyes of devastation
  61 smoke demons
  3 centaur skeletons
  A naga skeleton (Pan)
  A dire elephant skeleton (Pan)
  A kobold demonologist (D:9)
  37 orange demons
  A white draconian zombie (Crypt:2)
  A pale draconian zombie (Crypt:3)
  A death yak zombie (Crypt:3)
  A sea snake zombie (Hell)
  23 yaktaurs
  3 unseen horrors
  A yaktaur (shapeshifter) (Depths:2)
  3 rime drakes
  26 hellions
  A minotaur zombie (Gauntlet)
  A spark wasp simulacrum (Depths:3)
  36 freezing wraiths
  2 bunyip simulacra
  15 ancient zymes
  5 golden dragon simulacra
  A minotaur skeleton (Pan)
  4 iron giant simulacra
  3 tengu conjurers
  9 efreet
  19 komodo dragons
  4 anaconda simulacra
  5 red devils
  11 ice devils
  A catoblepas skeleton (Pan)
  A silent spectre (Tar:3)
  A hydra zombie (Tar:7)
  83 guardian mummies
  3 redback zombies
  7 meliai
  26 tormentors
  10 trolls
  7 polar bears
  A spectral harpy (Tar:1)
  A tyrant leech (Zig:19)
  A sea snake skeleton (Crypt:1)
  9 wind drakes
  3 harpy zombies
  38 hellwings
  15 hornets
  45 merfolk
  50 saltlings (Desolation)
  29 tarantellas
  2 harpy skeletons (Pan)
  A tarantella (shapeshifter) (Depths:3)
  18 raiju
  13 blink frogs
  A shadow dragon simulacrum (Coc:1)
  3 hydra skeletons
  A tarantella zombie (Spider:4)
  A culicivora zombie (Spider:4)
  29 dream sheep
  2 iron dragon simulacra
  3 spectral humans
  16 snapping turtles
  A dream sheep (shapeshifter) (Zig:4)
  A frost giant simulacrum (Vaults:5)
  29 jumping spiders
  2 alligator zombies (Hell)
  A radroach zombie (Crypt:3)
  10 flying skulls
  A snapping turtle (shapeshifter) (Vaults:3)
  16 ushabtiu
  2 stone giant simulacra
  5 spriggans
  3 alligator skeletons (Hell)
  4 shadows
  19 culicivoras
  A wyvern (shapeshifter) (D:15)
  13 wyverns
  14 wraiths
  6 air elementals
  A centaur simulacrum (Coc:1)
  3 naga simulacra
  34 yaks
  47 ynoxinuls
  23 water elementals
  7 dire elephant simulacra
  3 vampires
  4 hogs (Shoals:1)
  A human (shapeshifter) (Abyss:3)
  4 steam dragons
  66 large abominations
  2 sea snake simulacra (Hell)
  4 fire bats (Volcano)
  2 fire elementals
  A hog (shapeshifter) (Abyss:3)
  6 humans
  15 golden eyes
  A golden eye (shapeshifter) (Vaults:3)
  8 basilisks
  4 minotaur simulacra (IceCv)
  47 redbacks
  7 vampire mosquitoes
  22 chaos spawn
  42 neqoxecs
  Menkaure (D:6)
  A naga zombie (Tar:7)
  A redback (shapeshifter) (Vaults:2)
  2 swamp worms (Gauntlet)
  9 wargs
  2 human simulacra (Vaults:2)
  3 acid dragons
  A swamp worm (shapeshifter) (Vaults:5)
  14 harpy simulacra
  A naga (shapeshifter) (Depths:3)
  12 water moccasins
  3 hydra simulacra
  3 ice beasts
  A two-headed ogre skeleton (Crypt:2)
  3 floating eyes
  61 orc warriors
  24 hell hounds
  A swamp drake (shapeshifter) (Depths:3)
  8 ettin simulacra
  A glowing shapeshifter skeleton (Crypt:1)
  An alligator simulacrum (IceCv)
  A sky beast (D:7)
  4 black bears
  29 ogres
  An ogre (shapeshifter) (Depths:3)
  7 small abominations (Abyss:3)
  A wolf (Zig:13)
  8 centaurs
  A hog skeleton (Crypt:2)
  A kobold brigand (D:9)
  8 bullfrogs
  A vine stalker zombie (Crypt:1)
  A gnoll sergeant (D:5)
  A demonspawn simulacrum (Coc:2)
  3 necrophages (Crypt:3)
  2 scorpions
  2 glowing shapeshifter simulacra (Vaults:2)
  2 earth elementals (Zig:25)
  A deep troll simulacrum (IceCv)
  13 wights
  A warg zombie (Crypt:1)
  A cyclops skeleton (Crypt:1)
  8 killer bees
  2 electric eels
  2 howler monkeys
  A wolf zombie (Crypt:3)
  2 lava snakes (D:9)
  A shapeshifter skeleton (Crypt:2)
  Crazy Yiuf (D:3)
  A gnoll bouda (D:6)
  19 orc priests
  2 sleepcaps
  4 hounds
  5 jellies
  2 iron imps (Abyss:3)
  4 iguanas
  A scorpion zombie (Crypt:2)
  21 orc wizards
  A nameless horror (D:8)
  A hound zombie (Crypt:3)
  2 hound skeletons
  68 mummies
  A gnoll (shapeshifter) (Depths:3)
  9 gnolls
  6 adders
  A river rat (shapeshifter) (Depths:3)
  2 ufetubi
  A worm (D:3)
  A worm (shapeshifter) (Depths:3)
  A dart slug (shapeshifter) (Zig:9)
  A dart slug (D:2)
  102 orcs
  8 endoplasms
  2 giant cockroaches
  10 goblins
  2 hobgoblins (D:1)
  8 jackals (D:2)
  3 quokkas
  5 ball pythons
  A ball python skeleton (Crypt:2)
  5 bats
  A frilled lizard (D:1)
  12 kobolds
  A kobold zombie (Crypt:3)
  A quokka skeleton (Crypt:1)
  3 rats
  A rat zombie (Crypt:1)
  2 creeping infernos
  16 fire vortices
  A foxfire (D:11)
  7 starspawn tentacles
  3 tentacles (Shoals:3)
5476 creatures vanquished.

Vanquished Creatures (collateral kills)
  An ancient lich (Tar:7)
  Mennas (Vaults:3)
  A caustic shrike (Zig:11)
  A pandemonium lord (D:15)
  8 bone dragons
  6 profane servitors
  7 doom hounds
  7 Tzitzimimeh
  A hellephant (Geh:7)
  A spectral shard shrike (Tar:6)
  A lich (D:15)
  8 tainted leviathans
  A searing wretch (Geh:2)
  An azure jelly (Coc:7)
  A nargun (Coc:7)
  3 fire giants
  An emperor scorpion (Spider:4)
  A frost giant (Coc:7)
  An iron dragon (Zig:10)
  2 cacodemons
  2 broodmothers
  2 reapers
  An elemental wellspring (Coc:7)
  8 putrid mouths
  A dire elephant (Zig:11)
  An eidolon (Tar:6)
  A spectral spriggan (Tar:3)
  2 spectral quicksilver dragons
  An entropy weaver (Spider:2)
  A salamander tyrant (Geh:2)
  A hydra (Lair:5)
  3 boulder beetles
  A stoker (Geh:7)
  A spectral stone giant (Tar:3)
  2 two-headed ogres
  A tengu warrior (D:9)
  A hell hog (Geh:5)
  A spectral naga (Tar:4)
  2 spectral dire elephants
  6 death yaks
  6 shadow wraiths
  2 deep trolls
  An iron giant zombie (Tar:7)
  A pharaoh ant (Spider:3)
  2 orb spiders (Spider:4)
  A lindwurm (Zig:11)
  2 steelbarb worms (Spider:4)
  An orc knight (Orc:2)
  An iron dragon zombie (Tar:7)
  A spriggan simulacrum (Coc:7)
  A deep elf pyromancer (D:14)
  A manticore (Shoals:1)
  A faun (Shoals:1)
  2 ugly things (D:14)
  An orc sorcerer (Orc:2)
  2 wolf spiders (Spider:3)
  A salamander (Volcano)
  A moth of wrath (Spider:4)
  A black mamba (Zig:11)
  2 elephants (Lair:4)
  A gargoyle (Zig:10)
  4 orange demons
  3 cane toads
  2 komodo dragons
  4 hellions
  3 tormentors
  A troll (Orc:1)
  A spectral harpy (Tar:3)
  4 tarantellas
  2 polar bears
  3 blink frogs
  6 dream sheep
  A culicivora (Spider:4)
  6 jumping spiders
  5 yaks
  2 slime creatures (D:13)
  2 wyverns
  9 redbacks
  A minotaur simulacrum (IceCv)
  3 wargs (Orc:2)
  A vampire mosquito (D:11)
  7 water moccasins
  4 orc warriors
  An ogre (D:12)
  A wolf (Lair:2)
  2 bullfrogs (Lair:4)
  2 deep troll simulacra (IceCv)
  5 wights
  An earth elemental (Zig:10)
  7 killer bees (D:9)
  A jelly (Lair:4)
  An orc priest (Orc:2)
  3 orc wizards (Orc:2)
  6 orcs
  An endoplasm (Lair:4)
  A creeping inferno (Geh:5)
  2 fire vortices
233 creatures vanquished.

Vanquished Creatures (others)
  A pandemonium lord (Zot:3)
  A lich (Zot:3)
  A deep elf blademaster (Zig:25)
  A vault warden (Vaults:5)
  A fire giant (Geh:3)
  An emperor scorpion (Zig:19)
  A reaper (Crypt:3)
  An elemental wellspring (Coc:6)
  A white draconian (Zot:3)
  A green death (Pan)
  A servant of whispers (Desolation)
  A dancing weapon (Zig:26)
  A skeletal warrior (Crypt:2)
  A spriggan simulacrum (Coc:7)
  2 wizards
  2 wolf spider zombies
  2 moths of wrath
  A smoke demon (Zig:27)
  An orange demon (Pan)
  A molten gargoyle (Desolation)
  A golden dragon simulacrum (Coc:7)
  A hellwing (Pan)
  A jumping spider zombie (Spider:3)
  A tarantella zombie (Spider:4)
  A fire elemental (Zig:25)
  2 harpy simulacra (Coc:7)
  A deep troll zombie (D:15)
  A quasit (Zot:3)
  58 ball lightnings
  A creeping inferno (Geh:3)
  A fire vortex (Geh:5)
  219 foxfires
  11 starspawn tentacles
  A tentacle (Shoals:3)
323 creatures vanquished.

Grand Total: 6032 creatures vanquished

Notes
Turn   | Place    | Note
-------+----------+-------------------------------------------
     0 | D:1      | PlayingRandomsOnly the Octopode Air Elementalist began the
                  | quest for the Orb.
     0 | D:1      | Reached XP level 1. HP: 11/11 MP: 3/3
   329 | D:1      | Reached XP level 2. HP: 17/17 MP: 3/5
  1516 | D:2      | Reached XP level 3. HP: 21/21 MP: 6/6
  1522 | D:2      | Learned a level 2 spell: Static Discharge
  1526 | D:2      | Learned a level 3 spell: Swiftness
  2328 | D:3      | Found a snail-covered altar of Cheibriados.
  2331 | D:3      | Reached XP level 4. HP: 27/27 MP: 5/7
  2344 | D:3      | Became a worshipper of Cheibriados the Contemplative
  2396 | D:3      | Found a runed translucent door.
  2397 | D:3      | Noticed Crazy Yiuf
  2467 | D:3      | Reached XP level 5. HP: 25/31 MP: 3/9
  2566 | D:3      | Learned a level 4 spell: Airstrike
  3010 | D:3      | You fall into a shaft and drop 2 floors!
  3010 | D:5      | Entered Level 5 of the Dungeon
  3014 | D:5      | Identified a scroll of acquirement
  3015 | D:5      | Acquired a +1 double sword of protection
  3554 | D:5      | Found a hazy altar of Hepliaklqana.
  3585 | D:5      | Reached skill level 5 in Air Magic
  3585 | D:5      | Reached XP level 6. HP: 31/36 MP: 7/11
  3682 | D:3      | Reached * piety under Cheibriados
  3882 | D:3      | Learned a level 4 spell: Summon Lightning Spire
  3914 | D:4      | Noticed a black bear
  4010 | D:4      | Found a white marble altar of Elyvilon.
  4102 | D:4      | Found a radiant altar of Vehumet.
  4161 | D:4      | Reached skill level 1 in Invocations
  4273 | D:4      | Noticed a +0 short sword
  4273 | D:4      | Noticed a +0 dagger
  4274 | D:4      | Noticed a +0 short sword
  4274 | D:4      | Noticed a +0 spear
  4274 | D:4      | Noticed a +0 spear
  4274 | D:4      | Noticed a +0 falchion
  4275 | D:4      | Noticed a +0 falchion
  4277 | D:4      | Learned a level 1 spell: Foxfire
  4303 | D:4      | Noticed a +0 dagger
  4307 | D:4      | Found a hide-covered altar of Uskayaw.
  4540 | D:4      | Found a stormy altar of Qazlal.
  4663 | D:4      | Killed a black bear
  4664 | D:4      | Reached XP level 7. HP: 41/41 MP: 11/13
  4925 | D:5      | Reached ** piety under Cheibriados
  4937 | D:5      | Reached XP level 8. HP: 45/46 MP: 6/14
  5140 | D:5      | Reached skill level 5 in Summonings
  5817 | D:3      | Killed Crazy Yiuf
  6228 | D:6      | Noticed a two-headed ogre
  6316 | D:6      | Reached *** piety under Cheibriados
  6402 | D:6      | Learned a level 3 spell: Call Canine Familiar
  6567 | D:6      | Killed a two-headed ogre
  6568 | D:6      | Reached skill level 5 in Spellcasting
  6568 | D:6      | Reached XP level 9. HP: 51/51 MP: 2/16
  6863 | D:6      | Reached skill level 1 in Fighting
  6992 | D:6      | Noticed Menkaure
  6997 | D:6      | Killed Menkaure
  7421 | D:7      | Found a staircase to the Ecumenical Temple.
  7541 | D:7      | Identified the +6 sling of Beloved Purpose {elec, rC++
                  | Will- Dex+4}
  7841 | D:7      | Reached skill level 1 in Shields
  7842 | D:7      | Found a blossoming altar of Fedhas.
  7890 | D:7      | Found an ornate altar of the Wu Jian Council.
  7890 | D:7      | Found an opulent altar of Gozag.
  8248 | D:8      | Reached **** piety under Cheibriados
  8251 | D:8      | Reached XP level 10. HP: 34/63 MP: 12/19
  8495 | D:8      | Found a staircase to the Lair.
  8594 | D:8      | Found Voisel's General Store.
  8605 | D:8      | Bought a phantom mirror for 480 gold pieces
  8633 | D:8      | Found Nunwuo's Book Shop.
  8772 | D:8      | Found Irphoeqy's Jewellery Shoppe.
  9203 | D:9      | Reached skill level 1 in Poison Magic
  9467 | D:9      | Reached ***** piety under Cheibriados
  9805 | D:9      | Found a staircase to the Orcish Mines.
  9863 | D:8      | Bought a Young Poisoner's Handbook for 240 gold pieces
  9868 | D:8      | Learned a level 4 spell: Olgreb's Toxic Radiance
  9963 | D:9      | Noticed a cyclops
  9984 | D:9      | Killed a cyclops
 10050 | D:9      | Noticed a kobold demonologist
 10056 | D:9      | Killed a kobold demonologist
 10057 | D:9      | Reached skill level 5 in Fighting
 10239 | D:9      | Noticed a tengu warrior
 10244 | D:9      | Killed a tengu warrior
 10245 | D:9      | Reached skill level 5 in Shields
 10245 | D:9      | Reached skill level 5 in Poison Magic
 10249 | D:9      | Identified the +3 long sword of Coupnear {pain, rPois
                  | Int+3}
 10259 | D:9      | Reached skill level 5 in Stealth
 10358 | D:9      | Found a glowing golden altar of the Shining One.
 10358 | D:9      | Found a sacrificial altar of Ru.
 10418 | D:9      | Reached XP level 11. HP: 34/71 MP: 14/20
 10491 | D:9      | Reached skill level 5 in Invocations
 10992 | D:9      | Learned a level 3 spell: Ignite Poison
 11377 | Orc:1    | Entered Level 1 of the Orcish Mines
 11383 | Orc:1    | Noticed an orc knight
 11391 | Orc:1    | Killed an orc knight
 11481 | Orc:1    | Noticed an orc sorcerer
 11483 | Orc:1    | Killed an orc sorcerer
 11943 | D:8      | Bought a ring of willpower for 325 gold pieces
 12024 | Orc:2    | Entered Level 2 of the Orcish Mines
 12024 | Orc:2    | Found a staircase to the Elven Halls.
 12040 | Orc:2    | Noticed an orc sorcerer
 12042 | Orc:2    | Killed an orc sorcerer
 12150 | Orc:1    | Noticed a two-headed ogre
 12150 | Orc:1    | Noticed a two-headed ogre
 12150 | Orc:1    | Noticed an orc sorcerer
 12150 | Orc:1    | Noticed a two-headed ogre
 12150 | Orc:1    | Noticed a two-headed ogre
 12151 | Orc:1    | Noticed a two-headed ogre
 12152 | Orc:1    | Noticed an ogre mage
 12154 | Orc:1    | Killed an orc sorcerer
 12155 | Orc:1    | Killed a two-headed ogre
 12156 | Orc:1    | Killed a two-headed ogre
 12156 | Orc:1    | Killed a two-headed ogre
 12156 | Orc:1    | Reached ****** piety under Cheibriados
 12156 | Orc:1    | Killed a two-headed ogre
 12157 | Orc:1    | Reached XP level 12. HP: 77/77 MP: 3/23
 12198 | Orc:2    | Noticed a two-headed ogre
 12203 | Orc:2    | Killed a two-headed ogre
 12633 | Orc:2    | Noticed an orc high priest
 12637 | Orc:2    | Killed an orc high priest
 12876 | Orc:2    | Noticed an orc high priest
 12881 | Orc:2    | Noticed a soul eater
 12881 | Orc:2    | Killed an orc high priest
 12942 | Orc:2    | Noticed an orc high priest
 12946 | Orc:2    | Killed an orc high priest
 12948 | Orc:2    | Reached skill level 5 in Conjurations
 12985 | Orc:2    | Found Voedgheg's Distillery.
 12985 | Orc:2    | Found Apeixe's Armour Shop.
 12987 | Orc:2    | Found Zerhazui's Jewellery Emporium.
 12987 | Orc:2    | Found Facriw's Jewellery Shop.
 12993 | Orc:2    | Bought a potion of curing for 39 gold pieces
 12993 | Orc:2    | Bought a potion of curing for 39 gold pieces
 12996 | Orc:2    | Bought a ring of magical power for 300 gold pieces
 13171 | Lair:1   | Entered Level 1 of the Lair of Beasts
 13197 | Lair:1   | Reached skill level 10 in Air Magic
 13253 | Lair:1   | Learned a level 5 spell: Arcjolt
 13260 | Lair:1   | You fall into a shaft and drop 1 floor!
 13270 | Lair:2   | Reached XP level 13. HP: 81/81 MP: 25/25
 13343 | Lair:2   | Found a runed translucent door.
 13661 | Lair:2   | Noticed mihai's ghost (journeyman DECj)
 13703 | Lair:2   | Found a runed translucent door.
 14015 | Lair:2   | Found a staircase to the Shoals.
 14153 | Lair:2   | Killed mihai's ghost
 14637 | Lair:1   | Noticed Fannar
 14641 | Lair:1   | Killed Fannar
 14782 | Lair:3   | Found a dark tunnel.
 14794 | Volcano  | Entered a volcano
 14806 | Volcano  | Reached skill level 5 in Dodging
 15026 | Volcano  | Reached skill level 10 in Shields
 15164 | Volcano  | Noticed a fire dragon
 15169 | Volcano  | Killed a fire dragon
 15657 | Lair:3   | Reached XP level 14. HP: 92/92 MP: 26/26
 15705 | Lair:3   | Noticed Urug
 15711 | Lair:3   | Killed Urug
 15725 | Lair:3   | Noticed Amaemon
 15729 | Lair:3   | Killed Amaemon
 15927 | Lair:3   | Identified the ring of Scepticism {Wiz rF+++ MP+9 Str+5
                  | Dex-4}
 15981 | Lair:3   | Found a hole to the Spider Nest.
 16950 | D:8      | Bought a book of Minor Magic for 216 gold pieces
 17207 | Lair:4   | Learned a level 3 spell: Mephitic Cloud
 17629 | Lair:4   | Found a staircase to the Slime Pits.
 18094 | Lair:4   | Reached skill level 10 in Spellcasting
 18460 | Lair:5   | Entered Level 5 of the Lair of Beasts
 18470 | Lair:5   | Reached skill level 1 in Fire Magic
 18484 | Lair:5   | Reached XP level 15. HP: 87/103 MP: 29/29
 18493 | Lair:5   | Reached skill level 10 in Fighting
 19118 | Lair:5   | Reached skill level 10 in Dodging
 19186 | Lair:5   | Reached skill level 1 in Evocations
 19199 | Lair:5   | Got Sif Muna's Grimoire of Destructive Calling
 19950 | D:10     | Entered Level 10 of the Dungeon
 20030 | D:10     | Reached skill level 5 in Fire Magic
 20047 | D:10     | Learned a level 6 spell: Plasma Beam
 20528 | D:8      | Bought a ring of see invisible for 195 gold pieces
 20658 | D:10     | Found a burning altar of Makhleb.
 21030 | D:11     | Identified the +5 sling of Obyu {freeze, rF+ Str+3 Int-3}
 21570 | D:11     | Noticed a sphinx
 21579 | D:11     | Paralysed by a sphinx for 2 turns
 21583 | D:11     | Killed a sphinx
 21937 | D:11     | Found an iron altar of Okawaru.
 22145 | D:12     | Noticed Nergalle
 22148 | D:12     | Killed Nergalle
 22217 | D:12     | Noticed Jorgrun
 22223 | D:12     | Killed Jorgrun
 22790 | D:12     | Noticed Nessos
 22794 | D:12     | Killed Nessos
 22875 | D:13     | Found a white marble altar of Elyvilon.
 22895 | D:13     | Found a gate leading to a gauntlet.
 22905 | D:13     | Acquired a +1 hat of intelligence
 22913 | Gauntlet | Entered a Gauntlet
 22913 | Gauntlet | Found a transporter.
 22913 | Gauntlet | Found a transporter.
 22917 | Gauntlet | Found a transporter.
 22917 | Gauntlet | Found a transporter.
 22926 | Gauntlet | Found a transporter.
 22951 | Gauntlet | Found a transporter.
 22954 | Gauntlet | Found the +12 pair of quick blades "Gyre" and "Gimble"
                  | {protect}
 22955 | Gauntlet | Found a transporter.
 22955 | Gauntlet | Found a transporter.
 22971 | Gauntlet | Found a transporter.
 22997 | Gauntlet | Found a transporter.
 23017 | Gauntlet | Found a transporter.
 23051 | Gauntlet | Found a transporter.
 23065 | Gauntlet | Found a transporter.
 23166 | Gauntlet | Found a transporter.
 23180 | Gauntlet | Found a transporter.
 23193 | Gauntlet | Found a transporter.
 23654 | Gauntlet | Identified the amulet "Tigat Geosau" {Acrobat Rampage
                  | Fragile rC+ Str+4}
 23681 | Gauntlet | Reached skill level 5 in Evocations
 23681 | Gauntlet | Reached XP level 16. HP: 109/109 MP: 30/30
 23723 | Gauntlet | Identified the amulet "Xeethytui" {Acrobat rCorr SInv
                  | Stlth+}
 23740 | Gauntlet | Identified the +8 battleaxe "Farriudgh" {freeze, rC+ MP+9
                  | Str+8 Dex+3}
 23740 | Gauntlet | Identified the +0 rapier of Wudumysm {heavy, rPois rF++
                  | Int-4 Stlth+}
 24539 | D:14     | Reached skill level 10 in Invocations
 24546 | D:14     | Found a portal to a secret trove of treasure.
 24573 | D:14     | Noticed Josephine
 24575 | D:14     | Killed Josephine
 24705 | D:14     | Noticed Frances
 24712 | D:14     | Killed Frances
 24819 | D:14     | Found a radiant altar of Vehumet.
 25208 | D:14     | Found a gate to the Vaults.
 25414 | D:15     | Entered Level 15 of the Dungeon
 25666 | D:15     | Found a staircase to the Depths.
 26467 | Spider:1 | Entered Level 1 of the Spider Nest
 26470 | Spider:1 | Reached XP level 17. HP: 115/115 MP: 33/33
 26997 | Spider:1 | Found a transporter.
 27001 | Spider:1 | Noticed raetorn's ghost (adept TrFi)
 27012 | Spider:1 | Found a transporter.
 27143 | Spider:1 | Learned a level 5 spell: Irradiate
 27274 | Spider:1 | Reached skill level 1 in Transmutations
 28573 | Spider:3 | Noticed Arachne
 28575 | Spider:3 | Reached skill level 10 in Evocations
 28580 | Spider:3 | Killed Arachne
 29320 | Spider:3 | Reached XP level 18. HP: 91/120 MP: 35/35
 29376 | Spider:3 | Reached skill level 5 in Transmutations
 29418 | Spider:3 | Identified the +6 dagger "Gankamao" {freeze, *Slow Dex+6}
 30169 | Spider:3 | Found a runed translucent door.
 30170 | Spider:3 | Found a shimmering altar of Xom.
 30170 | Spider:3 | Noticed Borsukrates's ghost (journeyman TrFi)
 30185 | Spider:3 | Killed Borsukrates's ghost
 30313 | Spider:3 | Got Sif Muna's Directory of the Vector
 30347 | Spider:4 | Entered Level 4 of the Spider Nest
 31123 | Spider:4 | Identified the +8 whip of the Twenty Shrikes {flame, rN+
                  | Str+3 Stlth+}
 32453 | Spider:4 | Got a gossamer rune of Zot
 32682 | Shoals:1 | Entered Level 1 of the Shoals
 32690 | Shoals:1 | Noticed Nikola
 32707 | Shoals:1 | Found a frozen archway.
 32744 | IceCv    | Entered an ice cave
 33050 | IceCv    | Learned a level 6 spell: Statue Form
 33080 | IceCv    | Reached skill level 1 in Earth Magic
 33239 | IceCv    | Noticed an Ice Fiend
 33261 | IceCv    | Killed an Ice Fiend
 33311 | IceCv    | Identified the +0 mace "Taecu" {venom, Int+6}
 33783 | Shoals:1 | Killed Nikola
 33856 | Shoals:1 | Found a runed translucent gate.
 33857 | Shoals:1 | Found a runed translucent gate.
 33858 | Shoals:1 | Found a runed translucent gate.
 33860 | Shoals:1 | Noticed Voland's ghost (journeyman TeAE)
 33894 | Shoals:1 | Reached XP level 19. HP: 126/126 MP: 17/37
 33911 | Shoals:1 | Noticed Aizul
 33931 | Shoals:1 | Noticed Kirke
 33936 | Shoals:1 | Killed Kirke
 34087 | Shoals:1 | Killed Aizul
 34088 | Shoals:1 | Reached skill level 15 in Spellcasting
 34377 | Spider:1 | Killed raetorn's ghost
 34380 | Spider:1 | Reached skill level 5 in Earth Magic
 34508 | Spider:1 | Learned a level 6 spell: Conjure Ball Lightning
 36818 | Shoals:3 | Reached skill level 15 in Air Magic
 36995 | Shoals:3 | Found Rochet's Overcharged Wands.
 38383 | Shoals:4 | Entered Level 4 of the Shoals
 38400 | Shoals:4 | Found a transporter.
 38570 | Shoals:4 | Noticed baghtru's ghost (adept HOFi)
 39206 | Shoals:4 | Reached XP level 20. HP: 130/134 MP: 24/39
 39523 | Shoals:4 | Identified the +5 short sword of the Boar {protect, *Rage
                  | Will+++ rCorr Stlth-}
 39617 | Shoals:4 | Found a transporter.
 39818 | Shoals:4 | Got a barnacled rune of Zot
 40092 | Shoals:4 | Found a bloodstained altar of Trog.
 40215 | Shoals:1 | Killed Voland's ghost
 40216 | Shoals:1 | Reached skill level 1 in Staves
 40296 | Shoals:1 | Identified the +2 hat of Privacy {Fly rPois rCorr Int+3
                  | Stlth+}
 40310 | Shoals:1 | Identified the +3 pair of gloves of Lethargy {Fly}
 40400 | Shoals:4 | Killed baghtru's ghost
 40556 | Shoals:4 | Got the Folio of Altered Summoning
 40969 | Vaults:1 | Entered Level 1 of the Vaults
 41975 | Vaults:1 | Reached skill level 10 in Conjurations
 43262 | Vaults:2 | Identified the staff of earth "Gohex" {Dex+5 Stlth+}
 43288 | Vaults:2 | Reached skill level 5 in Staves
 43289 | Vaults:2 | Reached XP level 21. HP: 120/143 MP: 25/40
 43462 | Vaults:2 | Found a runed translucent gate.
 43472 | Vaults:2 | Found a runed translucent gate.
 43472 | Vaults:2 | Found a runed translucent gate.
 43472 | Vaults:2 | Noticed Plommelars's ghost (adept MiBe)
 43554 | Vaults:2 | Found Beinliaf's Book Emporium.
 44455 | Vaults:2 | Found a staircase to the Crypt.
 44690 | Vaults:2 | Killed Plommelars's ghost
 45149 | Vaults:3 | Noticed Mennas
 45398 | Vaults:3 | Found Simyly's Magic Scroll Shop.
 45407 | Vaults:3 | Bought a scroll of blinking for 112 gold pieces
 45708 | Vaults:3 | You are sucked into a shaft and drop 1 floor!
 46214 | Vaults:3 | Killed Mennas
 47075 | Vaults:3 | Found Nolownow's Magic Scroll Shop.
 47083 | Vaults:3 | Bought a scroll of enchant armour for 82 gold pieces
 47083 | Vaults:3 | Bought a scroll of teleportation for 33 gold pieces
 47083 | Vaults:3 | Bought a scroll of enchant armour for 82 gold pieces
 47101 | Vaults:3 | Found Ukaid's Antique Weapon Shoppe.
 47685 | Vaults:4 | Found Cuepp's Assorted Antiques.
 47695 | Vaults:4 | Bought 2 potions of heal wounds for 330 gold pieces
 47695 | Vaults:4 | Bought a potion of invisibility for 264 gold pieces
 48081 | Vaults:4 | Reached XP level 22. HP: 152/152 MP: 28/41
 48735 | Vaults:5 | Entered Level 5 of the Vaults
 48738 | Vaults:5 | Noticed an ancient lich
 48817 | Vaults:5 | Killed an ancient lich
 49017 | Vaults:5 | Noticed Sojobo
 49130 | Vaults:5 | Paralysed by an air elemental for 1 turns
 49138 | Vaults:5 | Noticed a golden dragon
 49672 | Vaults:5 | Noticed a golden dragon
 50170 | Vaults:5 | Killed a golden dragon
 50317 | Vaults:5 | Reached XP level 23. HP: 160/160 MP: 37/42
 50489 | Vaults:5 | Got a silver rune of Zot
 50554 | Vaults:5 | Killed Sojobo
 50781 | Vaults:5 | Identified the +10 quarterstaff "Tiuh" {vamp, Fragile rElec
                  | rF+ Will++}
 50782 | Vaults:5 | Killed a golden dragon
 51175 | Vaults:5 | Identified the staff of earth "Zuif" {rC+ rCorr Str+4}
 51198 | Vaults:5 | Noticed Mara
 51211 | Vaults:5 | Noticed PlayingRandomsOnly's illusion
 51215 | Vaults:5 | Killed Mara
 51216 | Vaults:5 | Reached skill level 10 in Staves
 51619 | Vaults:5 | Noticed a golden dragon
 51632 | Vaults:5 | Killed a golden dragon
 52068 | Vaults:5 | Got Dohiq's Elucidation of Evil
 52086 | Vaults:5 | Got the Annotations on Permutations and Rime
 52224 | Crypt:1  | Entered Level 1 of the Crypt
 52804 | Crypt:1  | Noticed Xtahua
 52810 | Crypt:1  | Killed Xtahua
 54287 | Crypt:2  | Reached skill level 15 in Fighting
 54293 | Crypt:2  | Reached skill level 15 in Dodging
 54443 | Crypt:2  | Noticed Margery
 54449 | Crypt:2  | Reached skill level 15 in Shields
 54452 | Crypt:2  | Killed Margery
 54745 | Crypt:2  | Noticed Vv
 54762 | Crypt:2  | Killed Vv
 55109 | Crypt:3  | Entered Level 3 of the Crypt
 55388 | Crypt:3  | Found a staircase to the Tomb.
 55399 | Crypt:3  | Reached skill level 10 in Stealth
 55411 | Crypt:2  | Reached XP level 24. HP: 100/164 MP: 12/42
 56863 | Crypt:3  | Identified the ring "Massexoh" {rC+ Str+4}
 57463 | Crypt:3  | Noticed a royal mummy
 57474 | Crypt:3  | Killed a royal mummy
 58431 | Crypt:3  | Identified the staff of death "Tuuraede" {*Corrode rN+
                  | Dex+5 Stlth+}
 58491 | Tomb:1   | Entered Level 1 of the Tomb of the Ancients
 58820 | Tomb:1   | Reached skill level 15 in Conjurations
 59264 | Tomb:1   | Noticed a royal mummy
 59276 | Tomb:1   | Noticed a royal mummy
 59276 | Tomb:1   | Noticed a royal mummy
 59288 | Tomb:1   | Killed a royal mummy
 59803 | Tomb:1   | Killed a royal mummy
 60218 | Depths:1 | Entered Level 1 of the Depths
 61233 | Depths:1 | Found a one-way gate leading to the halls of Pandemonium.
 61236 | Depths:1 | Found a hazy altar of Hepliaklqana.
 61344 | Depths:1 | Found a gateway to Hell.
 61458 | Depths:1 | Found Azxuihy's Jewellery Boutique.
 61460 | Depths:1 | Found Ekiogipn's Distillery.
 61463 | Depths:1 | Found Rudwiete's Book Boutique.
 61466 | Depths:1 | Bought the ring "Gimikaoj" {rF+ Will+ Int+3 Dex+6} for 1114
                  | gold pieces
 61474 | Depths:1 | Bought a potion of heal wounds for 75 gold pieces
 61476 | Depths:1 | Bought a manual of Shields for 1280 gold pieces
 62517 | Depths:2 | Reached XP level 25. HP: 174/174 MP: 30/42
 62705 | Depths:2 | Noticed a juggernaut
 62722 | Depths:2 | Killed a juggernaut
 62858 | Depths:2 | Reached skill level 15 in Stealth
 63055 | Depths:2 | Got the Directory of Entrancing Transfiguration
 63399 | Depths:3 | Found a one-way gateway to a ziggurat.
 63427 | Depths:3 | Found a flickering gateway to a bazaar.
 63446 | Bazaar   | Entered a bazaar
 63446 | Bazaar   | Found Empeox's Antique Weapon Shop.
 63555 | Bazaar   | Found Tosyppyu's General Store.
 63563 | Bazaar   | Bought a wand of charming (4) for 76 gold pieces
 63563 | Bazaar   | Bought a wand of charming (3) for 57 gold pieces
 63563 | Bazaar   | Bought a wand of iceblast (7) for 134 gold pieces
 63581 | Bazaar   | Found Juhudghe's Antique Armour Shop.
 63941 | Depths:3 | Identified the +9 hand axe of the Bellicose God {protect,
                  | rElec rF- Will+}
 64536 | Depths:3 | Found a one-way gate to the infinite horrors of the Abyss.
 64579 | Depths:3 | Found a runed translucent gate.
 64580 | Depths:3 | Found a runed translucent gate.
 64580 | Depths:3 | Found a runed translucent gate.
 64741 | Depths:3 | Found a runed translucent gate.
 64741 | Depths:3 | Found a runed translucent gate.
 64744 | Depths:3 | Reached XP level 26. HP: 180/180 MP: 42/42
 64746 | Depths:3 | Noticed Poli's ghost (adept MiFi)
 64747 | Depths:3 | Found a runed translucent gate.
 64793 | Depths:3 | Killed Poli's ghost
 65087 | Depths:4 | Entered Level 4 of the Depths
 66096 | Depths:4 | Reached XP level 27. HP: 186/186 MP: 42/42
 66108 | Depths:4 | Learned a level 9 spell: Chain Lightning
 66113 | Depths:4 | Learned a level 4 spell: Passage of Golubria
 66238 | Depths:4 | Reached skill level 1 in Translocations
 66880 | Depths:4 | Found a gate to the Realm of Zot.
 67163 | Elf:1    | Entered Level 1 of the Elven Halls
 67566 | D:14     | You paid a toll of 2 scrolls of acquirement to enter a
                  | treasure trove
 67567 | Trove    | Entered a treasure trove
 67583 | Trove    | Got Sif Muna's Monograph on Ice and Therianthropy
 67610 | Trove    | Got the Spellbook of the Felsic Icicle
 67613 | Trove    | Got Liahikoas's Lessons on Transfiguration
 67631 | Trove    | Got Sif Muna's Quarto of Power
 67634 | Trove    | Got Sif Muna's Progressing With Thaumaturgy
 67947 | Elf:1    | Noticed Agnes
 67952 | Elf:1    | Killed Agnes
 68227 | Elf:1    | Found Rauloas's Antique Weapon Shoppe.
 68790 | Elf:2    | Found a crumbling gateway.
 68806 | Desolati | Entered the Desolation of Salt
 68967 | Desolati | Reached skill level 5 in Translocations
 69230 | Desolati | Identified the +9 broad axe of the Inviting Sybil {freeze,
                  | Dex+3}
 69230 | Desolati | Identified the amulet "Wijen" {Will+ Regen+ Stlth+}
 69292 | Desolati | Found the +3 Elemental Staff {rElec rF+ rC+ AC+3}
 69433 | Desolati | Got the Notes on Anemomancy
 69435 | Desolati | Identified the +0 ring mail "Pusiog" {+Inv}
 69437 | Desolati | Identified the ring "Weskala" {Wiz rElec Dex+4}
 69658 | Desolati | Identified the ring "Urphiodghe" {rElec rPois rF+ Stlth-}
 70435 | Elf:2    | Found a runed translucent gate.
 70435 | Elf:2    | Found a runed translucent gate.
 70437 | Elf:2    | Found a runed translucent gate.
 70913 | Elf:3    | Entered Level 3 of the Elven Halls
 71230 | Elf:3    | Found the +8 longbow "Zephyr" {speed, Dex+3 SInv}
 71244 | Elf:3    | Paralysed by an air elemental for 1 turns
 72081 | Elf:3    | Identified the +5 mace of the Neverending Orbs {flame,
                  | Str+3}
 72213 | Elf:3    | Identified the +8 dagger of Attainder {elec, *Corrode Int+2
                  | Dex+3}
 72365 | Elf:3    | Identified the +0 chain mail of Ylaenol {rElec rPois
                  | Slay+3}
 72446 | Elf:3    | Identified the +4 shortbow of the Dungeon {elec, rF+ rC+
                  | Dex+3}
 72479 | Elf:3    | Identified the +6 scale mail of Oblivion {*Corrode rElec
                  | rF+ Stlth+}
 72479 | Elf:3    | Identified the ring of Incredulity {Fire Contam rN+++ Will+
                  | MP-9}
 72591 | Elf:3    | Identified the +3 sling "Pocehy" {elec, *Slow rElec Int+2
                  | Stlth+}
 72861 | Slime:1  | Entered Level 1 of the Pits of Slime
 73908 | Slime:2  | Reached skill level 10 in Translocations
 75784 | Slime:5  | Entered Level 5 of the Pits of Slime
 76088 | Slime:5  | Noticed the Royal Jelly
 76153 | Slime:5  | Found a viscous altar of Jiyva.
 76167 | Slime:5  | Killed the Royal Jelly
 76339 | Slime:5  | Got the Parchment of Conjury
 76346 | Slime:5  | Found the +18 shield of the Gong {Loud rN+ Will+ rCorr
                  | EV-5}
 76373 | Slime:5  | Identified the staff of air "Ahaseoch" {rElec rPois rF-
                  | rC+}
 76388 | Slime:5  | Identified the +2 scimitar "Manun" {flame, *Rage rElec rC+
                  | Int+3}
 76391 | Slime:5  | Identified the +3 barding of the Shoals {rN+ Dex+6 Stlth-}
 76398 | Slime:5  | Identified the staff of fire "Giemit" {rElec rF+ Will-
                  | Str+2}
 76440 | Slime:5  | Got a slimy rune of Zot
 77086 | Depths:3 | Learned a level 2 spell: Blink
 77204 | Hell     | Entered the Vestibule of Hell
 77204 | Hell     | Noticed Geryon
 77209 | Hell     | Killed Geryon
 77343 | Hell     | Found a gateway to the ashen valley of Gehenna.
 77450 | Hell     | Found a gateway to the decaying netherworld of Tartarus.
 77549 | Hell     | Found a gateway to the freezing wastes of Cocytus.
 77644 | Hell     | Found a gateway to the Iron City of Dis.
 77800 | Zot:1    | Entered Level 1 of the Realm of Zot
 77813 | Zot:1    | Learned a level 7 spell: Storm Form
 78721 | Zot:2    | Noticed Beclu's ghost (legendary GnSk)
 78887 | Zot:2    | Identified the ring of Tempters {rC+++ Will- EV+5}
 78912 | Zot:2    | Found a transporter.
 78912 | Zot:2    | Noticed an orb of fire
 78913 | Zot:2    | Identified the amulet of Virtue {Spirit Drain +Blink rF+++
                  | Will+}
 78918 | Zot:2    | Found a transporter.
 79113 | Zot:2    | Gained mutation: You occasionally shout uncontrollably at
                  | your foes. [an orb of fire]
 79173 | Zot:2    | Gained mutation: Your magical capacity is low. (-10% MP)
                  | [an orb of fire]
 79175 | Zot:2    | Killed an orb of fire
 79176 | Zot:2    | Reached skill level 10 in Fire Magic
 79201 | Zot:2    | Killed Beclu's ghost
 79210 | Zot:2    | Identified the ring "Cibor" {rN+ SInv}
 79213 | Zot:2    | Identified the ring of Xaezxoen {Wiz MP+9 Int+6 Dex+2}
 79219 | Zot:2    | Identified the ring "Usis" {rElec Int+6 Stlth+}
 79429 | Zot:3    | Noticed an orb of fire
 79438 | Zot:3    | Killed an orb of fire
 79603 | Zot:3    | Reached skill level 1 in Unarmed Combat
 80684 | Zot:5    | Entered Level 5 of the Realm of Zot
 80685 | Zot:5    | Acquired the ring "Ethegir" {rF+ Will+ Str+5 Int+6 Stlth-}
 80809 | Zot:5    | Identified the +1 pair of gloves "Qolopaar" {Rampage +Inv
                  | MP-9 Int+4}
 81008 | Zot:5    | Noticed an ancient lich
 81014 | Zot:5    | Killed an ancient lich
 81020 | Zot:5    | Noticed an orb of fire
 81022 | Zot:5    | Noticed an orb of fire
 81025 | Zot:5    | Gained mutation: Your system is resistant to poisons.
                  | (rPois) [an orb of fire]
 81026 | Zot:5    | Killed an orb of fire
 81026 | Zot:5    | Noticed an orb of fire
 81027 | Zot:5    | Reached skill level 5 in Unarmed Combat
 81027 | Zot:5    | Noticed an orb of fire
 81030 | Zot:5    | Noticed an orb of fire
 81036 | Zot:5    | Noticed an orb of fire
 81040 | Zot:5    | Noticed a dread lich
 81055 | Zot:5    | Noticed an orb of fire
 81058 | Zot:5    | Killed an orb of fire
 81068 | Zot:5    | Killed an orb of fire
 81072 | Zot:5    | Killed an orb of fire
 81073 | Zot:5    | Killed an orb of fire
 81075 | Zot:5    | Killed an orb of fire
 81076 | Zot:5    | Killed an orb of fire
 81111 | Zot:5    | Noticed an orb of fire
 81129 | Zot:5    | Killed an orb of fire
 81138 | Zot:5    | Reached skill level 15 in Fire Magic
 81140 | Zot:5    | Killed a dread lich
 81162 | Zot:5    | Noticed an ancient lich
 81166 | Zot:5    | Killed an ancient lich
 82043 | Depths:3 | Voluntarily entered the Abyss.
 82043 | Abyss:1  | Found a corrupted altar of Lugonu.
 82211 | Abyss:3  | Found a corrupted altar of Lugonu.
 82298 | Abyss:3  | Found a corrupted altar of Lugonu.
 82638 | Abyss:3  | Found a corrupted altar of Lugonu.
 82641 | Abyss:3  | Found a corrupted altar of Lugonu.
 82658 | Abyss:3  | Learned a level 2 spell: Lesser Beckoning
 82707 | Abyss:3  | Got an abyssal rune of Zot
 82822 | Depths:3 | Escaped the Abyss
 82840 | Depths:3 | Learned a level 2 spell: Sublimation of Blood
 82911 | Depths:3 | Learned a level 7 spell: Enfeeble
 82975 | Pan      | Entered Pandemonium
 82996 | Pan      | Reached skill level 1 in Hexes
 83028 | Pan      | Identified the amulet of Belaps {Acrobat Rampage Fragile
                  | rPois Str+6}
 84675 | Pan      | Reached skill level 10 in Unarmed Combat
 84675 | Pan      | Noticed Ecsiq the pandemonium lord
 84684 | Pan      | Killed Ecsiq the pandemonium lord
 84703 | Pan      | Reached skill level 5 in Hexes
 84863 | Pan      | Got a demonic rune of Zot
 85417 | Pan      | Noticed Xarab the pandemonium lord
 85423 | Pan      | Killed Xarab the pandemonium lord
 85771 | Pan      | Noticed Nupat the pandemonium lord
 85783 | Pan      | Reached skill level 10 in Earth Magic
 85783 | Pan      | Killed Nupat the pandemonium lord
 86180 | Pan      | Noticed a seraph
 86199 | Pan      | Killed a seraph
 86258 | Pan      | Found a glowing golden altar of the Shining One.
 86276 | Pan      | Got Dus Olui's Anthology of Wanderlust and Bolts
 86281 | Pan      | Identified the staff of fire "Oploe" {rF+ Dex+3}
 86876 | Pan      | Reached skill level 10 in Hexes
 86899 | Pan      | Found a white marble altar of Elyvilon.
 86973 | Pan      | Identified the +0 tower shield "Zeego" {Slay+2}
 87315 | Pan      | Identified the +8 tower shield "Niwk" {rCorr Dex+4}
 87832 | Pan      | Found a glowing silver altar of Zin.
 87905 | Pan      | Identified the +1 tower shield "Ullehang" {Will+ Str+2}
 88064 | Pan      | Noticed Ridor the pandemonium lord
 88070 | Pan      | Killed Ridor the pandemonium lord
 88249 | Pan      | Entered the realm of Cerebov.
 88251 | Pan      | Identified the +1 shortbow of the Inviting Eel {heavy, rC-
                  | rCorr Dex+2 Stlth+}
 88261 | Pan      | Found the +6 sword of Cerebov {flame}
 88261 | Pan      | Noticed Cerebov
 88350 | Pan      | Learned a level 8 spell: Maxwell's Capacitive Coupling
 88360 | Pan      | Learned a level 5 spell: Yara's Violent Unravelling
 88370 | Pan      | Identified the +8 morningstar "Irofail" {flame, Str+3
                  | Dex+2}
 88540 | Pan      | Identified the staff of death "Giemunn" {rPois rN+ Will+
                  | Str-4 SInv}
 88651 | Pan      | Identified the staff of earth "Keasats" {Fly rPois rCorr
                  | MP-9}
 88855 | Pan      | Identified the ring "Ustroil" {Fly rPois AC+4 Str-5 Int+4}
 88861 | Pan      | Killed Cerebov
 88873 | Pan      | Identified the ring of the Crafting Queen {rF++ SInv}
 88880 | Pan      | Got the Reference Book on Arcane Combat and Displacement
 88963 | Pan      | Got a fiery rune of Zot
 89004 | Pan      | Identified the +6 great sword "Poudos" {freeze, Fly rF+
                  | Str+4 Dex+2}
 89153 | Pan      | Found an exit through the horrors of the Abyss.
 89159 | Pan      | Gained mutation: You are clumsy. (Dex -2) [a cacodemon]
 89255 | Pan      | Noticed Kagocesh the pandemonium lord
 89266 | Pan      | Killed Kagocesh the pandemonium lord
 89293 | Pan      | Found an exit through the horrors of the Abyss.
 89480 | Pan      | Noticed Emorph the pandemonium lord
 89486 | Pan      | Killed Emorph the pandemonium lord
 89516 | Pan      | Reached skill level 15 in Hexes
 89694 | Pan      | Found an exit through the horrors of the Abyss.
 90062 | Pan      | Noticed Jash the pandemonium lord
 90066 | Pan      | Killed Jash the pandemonium lord
 90154 | Pan      | Entered the realm of Lom Lobon.
 90829 | Pan      | Noticed Lom Lobon
 90834 | Pan      | Killed Lom Lobon
 90881 | Pan      | Got a magical rune of Zot
 91240 | Pan      | Entered the realm of Gloorx Vloq.
 91519 | Pan      | Identified the +4 longbow of Fefenops {flame, rN+ Will+
                  | Str+3}
 92623 | Pan      | Noticed Gloorx Vloq
 92628 | Pan      | Killed Gloorx Vloq
 92700 | Pan      | Got a dark rune of Zot
 92824 | Pan      | Entered the realm of Mnoleg.
 93008 | Pan      | Gained mutation: You are strong-willed. (Will+) [a
                  | cacodemon]
 93101 | Pan      | Found an exit through the horrors of the Abyss.
 93178 | Pan      | Gained mutation: You are vulnerable to heat. (rF-) [a
                  | cacodemon]
 93440 | Pan      | Reached skill level 27 in Spellcasting
 93519 | Pan      | Noticed Mnoleg
 93527 | Pan      | Killed Mnoleg
 93637 | Pan      | Got a glowing rune of Zot
 93822 | Pan      | Took an exit into the Abyss.
 93822 | Abyss:3  | Escaped into the Abyss
 93869 | Depths:2 | Escaped the Abyss
 94201 | Tomb:2   | Noticed a royal mummy
 94202 | Tomb:2   | Noticed a royal mummy
 94206 | Tomb:2   | Noticed a royal mummy
 94207 | Tomb:2   | Noticed a royal mummy
 94209 | Tomb:2   | Killed a royal mummy
 94210 | Tomb:2   | Killed a royal mummy
 94210 | Tomb:2   | Killed a royal mummy
 94211 | Tomb:2   | Reached skill level 15 in Earth Magic
 94219 | Tomb:2   | Killed a royal mummy
 94438 | Tomb:2   | Identified the +5 rapier "Guzoucoz" {flame, Contam rF+++
                  | rC+ Str-4}
 94601 | Tomb:2   | Learned a level 9 spell: Shatter
 94811 | Tomb:1   | Noticed a royal mummy
 94815 | Tomb:1   | Noticed a royal mummy
 94817 | Tomb:1   | Killed a royal mummy
 94822 | Tomb:1   | Killed a royal mummy
 94875 | Tomb:1   | Killed a royal mummy
 94880 | Tomb:1   | Noticed a royal mummy
 94886 | Tomb:1   | Killed a royal mummy
 94886 | Tomb:1   | Noticed a royal mummy
 94892 | Tomb:1   | Killed a royal mummy
 94903 | Tomb:1   | Noticed a royal mummy
 94906 | Tomb:1   | Killed a royal mummy
 94908 | Tomb:1   | Noticed a royal mummy
 94916 | Tomb:1   | Killed a royal mummy
 94920 | Tomb:1   | Noticed a royal mummy
 94924 | Tomb:1   | Killed a royal mummy
 94955 | Tomb:1   | Noticed a royal mummy
 94963 | Tomb:1   | Killed a royal mummy
 94998 | Tomb:1   | Noticed a royal mummy
 95006 | Tomb:1   | Killed a royal mummy
 95007 | Tomb:1   | Noticed a royal mummy
 95011 | Tomb:1   | Killed a royal mummy
 95085 | Tomb:1   | Noticed a royal mummy
 95089 | Tomb:1   | Killed a royal mummy
 95117 | Tomb:1   | Noticed a royal mummy
 95124 | Tomb:1   | Killed a royal mummy
 95124 | Tomb:1   | Gained mutation: You sometimes lose your temper in combat.
                  | [mutagenic glow]
 95125 | Tomb:1   | Noticed a royal mummy
 95133 | Tomb:1   | Killed a royal mummy
 95136 | Tomb:1   | Gained mutation: Your body sometimes deteriorates upon
                  | taking damage. [mutagenic glow]
 95147 | Tomb:1   | Noticed a royal mummy
 95148 | Tomb:1   | Noticed a royal mummy
 95151 | Tomb:1   | Killed a royal mummy
 95153 | Tomb:1   | Killed a royal mummy
 95240 | Tomb:3   | Entered Level 3 of the Tomb of the Ancients
 95281 | Tomb:3   | Noticed a royal mummy
 95318 | Tomb:2   | Lost mutation: You sometimes lose your temper in combat.
                  | [potion of mutation]
 95318 | Tomb:2   | Lost mutation: Your system is resistant to poisons. (rPois)
                  | [potion of mutation]
 95318 | Tomb:2   | Gained mutation: You have a pair of small antennae on your
                  | head. [potion of mutation]
 95318 | Tomb:2   | Gained mutation: You are partially covered in iridescent
                  | scales. (AC +2) [potion of mutation]
 95319 | Tomb:2   | Lost mutation: You occasionally shout uncontrollably at
                  | your foes. [potion of mutation]
 95319 | Tomb:2   | Lost mutation: You have a pair of small antennae on your
                  | head. [potion of mutation]
 95319 | Tomb:2   | Lost mutation: Your body sometimes deteriorates upon taking
                  | damage. [potion of mutation]
 95319 | Tomb:2   | Gained mutation: You are weak. (Str -2) [potion of
                  | mutation]
 95319 | Tomb:2   | Gained mutation: You are dopey. (Int -2) [potion of
                  | mutation]
 95319 | Tomb:2   | Lost mutation: You are partially covered in iridescent
                  | scales. (AC +2) [potion of mutation]
 95358 | Tomb:3   | Noticed a royal mummy
 95360 | Tomb:3   | Noticed a royal mummy
 95363 | Tomb:3   | Noticed a royal mummy
 95364 | Tomb:3   | Killed a royal mummy
 95364 | Tomb:3   | Noticed a royal mummy
 95367 | Tomb:3   | Killed a royal mummy
 95367 | Tomb:3   | Killed a royal mummy
 95367 | Tomb:3   | Noticed a royal mummy
 95367 | Tomb:3   | Noticed a royal mummy
 95368 | Tomb:3   | Killed a royal mummy
 95376 | Tomb:3   | Killed a royal mummy
 95377 | Tomb:3   | Noticed a royal mummy
 95378 | Tomb:3   | Killed a royal mummy
 95380 | Tomb:3   | Killed a royal mummy
 95381 | Tomb:3   | Killed a royal mummy
 95625 | Tomb:3   | Found the +27 heavy crossbow "Sniper" {heavy, Acc+∞ SInv}
 95650 | Tomb:3   | Identified the ring of the Briny Deep {*Slow rF+ Will++
                  | Int+6 Dex+6}
 95653 | Tomb:3   | Identified the staff of conjuration "Anonill" {rPois rN++
                  | Str-3 Int-5}
 95654 | Tomb:3   | Identified the ring "Fuirchid" {rF++ Dex-4 SInv}
 95658 | Tomb:3   | Identified the ring "Qoyfip" {rC++ Int+6 Stlth+}
 95674 | Tomb:3   | Identified the ring "Kiwo" {Wiz rF+}
 95679 | Tomb:3   | Identified the ring "Ywkiuker" {rElec rN+ Will+ Int+6
                  | Stlth+}
 95798 | Tomb:3   | Got a golden rune of Zot
 96245 | Dis:1    | Entered Level 1 of the Iron City of Dis
 97092 | Dis:5    | HP: 4/209 [iron giant/caustic shrike (9)]
 97354 | Dis:5    | You are sucked into a shaft and drop 1 floor!
 97623 | Dis:7    | Entered Level 7 of the Iron City of Dis
 98043 | Dis:7    | Identified the +3 scale mail of the Bard {rN+ Str+4 Slay+3}
 98045 | Dis:7    | Identified the staff of conjuration "Raziy" {rPois Str+4
                  | Dex+3 Stlth-}
 98055 | Dis:7    | Gained mutation: Your magical capacity is very low. (-20%
                  | MP) [a cacodemon]
 98057 | Dis:7    | Identified the +9 mace of the Heart {venom, rElec rC+ Str+8
                  | Dex-3}
 98484 | Dis:7    | Got Sif Muna's Annotations on the Gargoyle and Wicked
                  | Liturgies
 98516 | Dis:7    | Learned a level 6 spell: Death Channel
 98525 | Dis:7    | Learned a level 7 spell: Ozocubu's Refrigeration
 98603 | Dis:7    | Reached skill level 1 in Ice Magic
 98690 | Dis:7    | Noticed Dispater
 98695 | Dis:7    | Killed Dispater
 98708 | Dis:7    | Got an iron rune of Zot
 98755 | Dis:7    | Found the +7 Spriggan's Knife {stab, EV+4 Stlth+}
 99108 | Zig:1    | Entered Level 1 of a ziggurat
 99125 | Zig:2    | Entered Level 2 of a ziggurat
 99144 | Zig:3    | Entered Level 3 of a ziggurat
 99152 | Zig:3    | Identified the +6 spear "Cel Fow" {freeze, rPois rF++
                  | Int+6}
 99160 | Zig:4    | Entered Level 4 of a ziggurat
 99200 | Zig:5    | Entered Level 5 of a ziggurat
 99242 | Zig:6    | Entered Level 6 of a ziggurat
 99248 | Zig:6    | Noticed an ancient lich
 99250 | Zig:6    | Killed an ancient lich
 99251 | Zig:6    | Reached skill level 5 in Ice Magic
 99263 | Zig:6    | Identified the +0 glaive "Hutigi" {venom, Str+5}
 99280 | Zig:7    | Entered Level 7 of a ziggurat
 99370 | Zig:7    | Lost mutation: You are vulnerable to heat. (rF-) [potion of
                  | mutation]
 99370 | Zig:7    | Lost mutation: You are dopey. (Int -2) [potion of mutation]
 99370 | Zig:7    | Gained mutation: You expend magic power (3 MP) to
                  | strengthen your wands. [potion of mutation]
 99370 | Zig:7    | Gained mutation: Your body sometimes deteriorates upon
                  | taking damage. [potion of mutation]
 99370 | Zig:7    | Gained mutation: Your mind is acute. (Int +4, Str/Dex -1)
                  | [potion of mutation]
 99370 | Zig:7    | Gained mutation: You possess an exceptional clarity of
                  | mind. [potion of mutation]
 99371 | Zig:7    | Lost mutation: Your magical capacity is very low. (-20% MP)
                  | [potion of mutation]
 99371 | Zig:7    | Lost mutation: You expend magic power (3 MP) to strengthen
                  | your wands. [potion of mutation]
 99371 | Zig:7    | Lost mutation: You are clumsy. (Dex -2) [potion of
                  | mutation]
 99371 | Zig:7    | Gained mutation: You are frail. (-10% HP) [potion of
                  | mutation]
 99371 | Zig:7    | Gained mutation: You are partially covered in iridescent
                  | scales. (AC +2) [potion of mutation]
 99372 | Zig:7    | Lost mutation: Your magical capacity is low. (-10% MP)
                  | [potion of mutation]
 99372 | Zig:7    | Lost mutation: You are partially covered in iridescent
                  | scales. (AC +2) [potion of mutation]
 99372 | Zig:7    | Lost mutation: You are frail. (-10% HP) [potion of
                  | mutation]
 99372 | Zig:7    | Gained mutation: You are frail. (-10% HP) [potion of
                  | mutation]
 99372 | Zig:7    | Gained mutation: Your spells are a little harder to cast,
                  | but a little more powerful. [potion of mutation]
 99373 | Zig:7    | Lost mutation: Your mind is acute. (Int +4, Str/Dex -1)
                  | [potion of mutation]
 99373 | Zig:7    | Lost mutation: You possess an exceptional clarity of mind.
                  | [potion of mutation]
 99373 | Zig:7    | Lost mutation: Your spells are a little harder to cast, but
                  | a little more powerful. [potion of mutation]
 99373 | Zig:7    | Gained mutation: You are resistant to electric shocks.
                  | (rElec) [potion of mutation]
 99373 | Zig:7    | Lost mutation: You are frail. (-10% HP) [potion of
                  | mutation]
 99373 | Zig:7    | Gained mutation: You have hidden genetic potential. [potion
                  | of mutation]
 99374 | Zig:7    | Lost mutation: Your body sometimes deteriorates upon taking
                  | damage. [potion of mutation]
 99374 | Zig:7    | Lost mutation: You are strong-willed. (Will+) [potion of
                  | mutation]
 99374 | Zig:7    | Lost mutation: You are weak. (Str -2) [potion of mutation]
 99374 | Zig:7    | Gained mutation: You occasionally lose the ability to read
                  | scrolls when taking damage. [potion of mutation]
 99375 | Zig:7    | Lost mutation: You occasionally lose the ability to read
                  | scrolls when taking damage. [potion of mutation]
 99375 | Zig:7    | Lost mutation: You have hidden genetic potential. [potion
                  | of mutation]
 99375 | Zig:7    | Gained mutation: Your spells are a little easier to cast,
                  | but a little less powerful. [potion of mutation]
 99375 | Zig:7    | Gained mutation: Your magical capacity is low. (-10% MP)
                  | [potion of mutation]
 99375 | Zig:7    | Gained mutation: You are partially covered in iridescent
                  | scales. (AC +2) [potion of mutation]
 99376 | Zig:7    | Lost mutation: Your magical capacity is low. (-10% MP)
                  | [potion of mutation]
 99376 | Zig:7    | Lost mutation: You are resistant to electric shocks.
                  | (rElec) [potion of mutation]
 99376 | Zig:7    | Gained mutation: One of your tentacles bears a spike.
                  | [potion of mutation]
 99376 | Zig:7    | Gained mutation: You are agile. (Dex +4, Str/Int -1)
                  | [potion of mutation]
 99377 | Zig:7    | Lost mutation: Your spells are a little easier to cast, but
                  | a little less powerful. [potion of mutation]
 99377 | Zig:7    | Lost mutation: You are partially covered in iridescent
                  | scales. (AC +2) [potion of mutation]
 99377 | Zig:7    | Lost mutation: You are agile. (Dex +4, Str/Int -1) [potion
                  | of mutation]
 99377 | Zig:7    | Gained mutation: You possess an exceptional clarity of
                  | mind. [potion of mutation]
 99377 | Zig:7    | Gained mutation: You are robust. (+10% HP) [potion of
                  | mutation]
 99377 | Zig:7    | Gained mutation: You are vulnerable to cold. (rC-) [potion
                  | of mutation]
 99377 | Zig:7    | Gained mutation: One of your tentacles bears a nasty spike.
                  | [potion of mutation]
 99398 | Zig:8    | Entered Level 8 of a ziggurat
 99408 | Zig:8    | Noticed an ancient lich
 99410 | Zig:8    | Killed an ancient lich
 99440 | Zig:8    | Identified the ring of Malyblod {Fly rCorr}
 99468 | Zig:9    | Entered Level 9 of a ziggurat
 99476 | Zig:9    | Noticed a dread lich
 99476 | Zig:9    | Noticed an ancient lich
 99477 | Zig:9    | Noticed an ancient lich
 99479 | Zig:9    | Killed an ancient lich
 99479 | Zig:9    | Killed an ancient lich
 99480 | Zig:9    | Killed a dread lich
 99480 | Zig:9    | Noticed a dread lich
 99484 | Zig:9    | Killed a dread lich
 99591 | Zig:9    | Identified the staff of air "Ewah" {Fly rElec Will++ Dex+4}
 99597 | Zig:9    | Identified the staff of death "Kyntof" {rN+ SInv}
 99604 | Zig:10   | Entered Level 10 of a ziggurat
 99642 | Zig:10   | Identified the staff of earth "Lucumm" {Fragile rPois rCorr
                  | Dex+3}
 99644 | Zig:10   | Identified the amulet of Paranoia {Faith Drain Str+4 Dex+6}
 99654 | Zig:10   | Identified the +3 quarterstaff of Fiuwnuma {pain, rElec
                  | rPois Dex+3}
 99691 | Zig:11   | Entered Level 11 of a ziggurat
 99733 | Zig:11   | Reached skill level 10 in Ice Magic
 99765 | Zig:11   | Identified the +4 shortbow "Asyfeog" {speed, Int+4}
 99792 | Zig:12   | Entered Level 12 of a ziggurat
 99854 | Zig:12   | Identified the +3 shortbow "Naerr" {freeze, Str+5}
 99897 | Zig:12   | Identified the +1 pair of gloves of the Thistle {Fly Str+4
                  | Int+5}
 99901 | Zig:13   | Entered Level 13 of a ziggurat
 99932 | Zig:13   | Found the +9 staff of Olgreb {rPois∞}
 99946 | Zig:13   | Identified the +0 plate armour "Qozicam" {Int+3}
 99997 | Zig:14   | Entered Level 14 of a ziggurat
100006 | Zig:14   | Noticed a dread lich
100010 | Zig:14   | Killed a dread lich
100010 | Zig:14   | Noticed a dread lich
100014 | Zig:14   | Noticed an ancient lich
100014 | Zig:14   | Killed a dread lich
100019 | Zig:14   | Killed an ancient lich
100058 | Zig:14   | Found the +16 obsidian axe {drain, demonic, Mesm Drain Fly
                  | SInv}
100067 | Zig:14   | Reached skill level 27 in Fighting
100068 | Zig:14   | Identified the ring of Xiubatow {rF+ Str+6}
100083 | Zig:14   | Identified the staff of conjuration "Soimnub" {Str+7 Int-5
                  | SInv Stlth+}
100084 | Zig:14   | Identified the +9 spear of the Extremes {heavy, *Rage Will+
                  | rCorr Str+4}
100102 | Zig:14   | Learned a level 8 spell: Ignition
100105 | Zig:15   | Entered Level 15 of a ziggurat
100119 | Zig:15   | Gained mutation: Your spells are a little easier to cast,
                  | but a little less powerful. [a shining eye]
100120 | Zig:15   | Gained mutation: You occasionally lose the ability to read
                  | scrolls when taking damage. [a shining eye]
100122 | Zig:15   | Gained mutation: You occasionally shout uncontrollably at
                  | your foes. [a shining eye]
100164 | Zig:15   | Identified the ring of Departure {rF+ Int+6 Dex+6}
100170 | Zig:15   | Identified the amulet "Vudaedam" {RegenMP Rampage Str+2
                  | Int+2}
100178 | Zig:15   | Identified the ring of the Divine Lychee {Str+2 Dex+6}
100192 | Zig:16   | Entered Level 16 of a ziggurat
100259 | Zig:16   | Identified the +12 spear of Dicaf {drain, rN+ Int+4}
100356 | Zig:17   | Entered Level 17 of a ziggurat
100375 | Zig:17   | Noticed a juggernaut
100375 | Zig:17   | Noticed a juggernaut
100379 | Zig:17   | Killed a juggernaut
100381 | Zig:17   | Killed a juggernaut
100448 | Zig:17   | Identified the +3 shortbow of Lachrymose Judgement {flame,
                  | *Corrode rElec rF+ SInv}
100455 | Zig:17   | Identified the ring of Roikoutroo {Contam rF- rC++ rCorr
                  | Dex+6}
100460 | Zig:17   | Identified the staff of death "Dapnaico" {rN+ Int+3}
100474 | Zig:17   | Identified the +1 rapier of Eternal Night {flame, Str+4
                  | Dex+3}
100547 | Zig:18   | Entered Level 18 of a ziggurat
100586 | Zig:18   | Noticed a juggernaut
100594 | Zig:18   | Killed a juggernaut
100657 | Zig:18   | Identified the staff of cold "Rer Luir" {Fly rC+ Int+2
                  | Stlth+}
100660 | Zig:18   | Identified the ring "Yhujianuju" {Fly rF- Int+6}
100740 | Zig:19   | Entered Level 19 of a ziggurat
100848 | Zig:19   | Identified the +4 cloak of Cynicism {Will+ Str+6 Dex+2
                  | Stlth-}
100855 | Zig:20   | Entered Level 20 of a ziggurat
100866 | Zig:20   | Noticed an ancient lich
100874 | Zig:20   | Killed an ancient lich
100907 | Zig:20   | Noticed a dread lich
100909 | Zig:20   | Noticed a dread lich
100909 | Zig:20   | Noticed an ancient lich
100910 | Zig:20   | Killed a dread lich
100912 | Zig:20   | Killed a dread lich
100916 | Zig:20   | Killed an ancient lich
101012 | Zig:20   | Found the +3 greatsling "Punk" {acid, rCorr}
101012 | Zig:20   | Found the +3 pair of gauntlets of War {Slay+5}
101026 | Zig:20   | Identified the ring "Lediumig" {Wiz Dex+4 Stlth+}
101032 | Zig:20   | Identified the +2 morningstar "Hydra's Regret" {drain,
                  | rPois}
101039 | Zig:20   | Identified the +0 buckler of the Vestibule of Hell {Regen+
                  | Str-4 Int+3 Dex+3}
101040 | Zig:20   | Identified the +6 rapier "Ujyr Ysm" {flame, rElec rF+
                  | Dex-2}
101103 | Zig:21   | Entered Level 21 of a ziggurat
101204 | Zig:21   | Identified the +6 sling of the Median {freeze, *Corrode rC+
                  | Int-3 Dex+4}
101209 | Zig:21   | Identified the ring "Seudaggi" {rN+ Int+4}
101264 | Zig:22   | Entered Level 22 of a ziggurat
101406 | Zig:22   | Identified the staff of air "Qaken" {rElec rPois MP+9}
101407 | Zig:22   | Identified the ring "Pott" {rF+ Str+3 Dex-5 Stlth+}
101416 | Zig:22   | Identified the ring "Nodie" {rC+ rCorr}
101425 | Zig:22   | Identified the staff of fire "Muetirr" {rF+ rN+}
101426 | Zig:22   | Identified the +4 scimitar of Checks and Balances {freeze,
                  | SInv}
101427 | Zig:22   | Identified the staff of conjuration "Opeety" {rPois rN+++
                  | Int-2 Dex-3}
101436 | Zig:22   | Identified the ring "Udecif" {rN+ Str+6 Slay+2}
101452 | Zig:23   | Entered Level 23 of a ziggurat
101493 | Zig:24   | Entered Level 24 of a ziggurat
101553 | Zig:24   | Noticed Capovoubb the pandemonium lord
101564 | Zig:24   | Killed Capovoubb the pandemonium lord
101804 | Zig:24   | Identified the ring of the Dull Orange {AC+4 Str-2 Dex+3}
101814 | Zig:24   | Identified the +1 leather armour of Hairiness {Int+3 Dex+3}
101817 | Zig:25   | Entered Level 25 of a ziggurat
101869 | Zig:25   | Found the +8 whip "Snakebite" {venom, curare, rPois}
101878 | Zig:25   | Learned a level 3 spell: Vhi's Electric Charge
101901 | Zig:25   | Identified the +1 great sword of Hepliaklqana's Envy {vamp,
                  | rCorr Int+5 Stlth-}
101905 | Zig:25   | Identified the staff of death "Lafej" {rN+ Str+4 Dex+2}
101909 | Zig:25   | Identified the staff of cold "Matyte" {Fly rPois rC+ Int+3
                  | Dex-2}
102125 | Zig:26   | Entered Level 26 of a ziggurat
102164 | Zig:26   | Identified the staff of death "Beosoakk" {rElec rC+++ rN+
                  | Will- Str-5}
102166 | Zig:26   | Identified the staff of death "Jonet" {rN+ Dex+4}
102177 | Zig:26   | Identified the ring "Vimo" {rPois rF+ Str+6}
102201 | Zig:26   | Identified the +0 arbalest "Watt" {speed, Contam rCorr
                  | Int+5}
102212 | Zig:26   | Identified the +1 pair of boots of Osariype {Will+ Regen+
                  | Dex-5}
102237 | Zig:27   | Entered Level 27 of a ziggurat
102258 | Zig:27   | Reached skill level 15 in Evocations
102261 | Zig:27   | Noticed an ancient lich
102262 | Zig:27   | Killed an ancient lich
102377 | Zig:27   | Found the +11 Singing Sword {sonic wave}
102378 | Zig:27   | Found the ring of the Tortoise {AC+8}
102391 | Zig:27   | Identified the +3 mace of Eternal Night {venom, Str+2
                  | Dex+3}
102393 | Zig:27   | Identified the ring of Yturgh {rF- rN+ Dex+6}
102400 | Zig:27   | Identified the +7 triple sword "Hapligel" {venom, rN+}
102402 | Zig:27   | Identified the ring "Miriden" {rPois Int+3}
102409 | Zig:27   | Identified the ring of Beogh's Pride {rElec rPois Will++
                  | Dex-5 SInv}
102412 | Zig:27   | Identified the +2 whip of Odytike {protect, rElec rC+}
102413 | Zig:27   | Identified the ring "Zupiegel" {Will+ rCorr}
102420 | Zig:27   | Identified the +7 rapier of Risk Management {pain, rN+
                  | Int+3 Stlth+}
102573 | Depths:3 | Learned a level 1 spell: Apportation
102581 | Depths:3 | Lost mutation: You are vulnerable to cold. (rC-) [potion of
                  | mutation]
102581 | Depths:3 | Lost mutation: You occasionally shout uncontrollably at
                  | your foes. [potion of mutation]
102581 | Depths:3 | Lost mutation: You possess an exceptional clarity of mind.
                  | [potion of mutation]
102581 | Depths:3 | Gained mutation: One of your tentacles bears a large
                  | vicious spike. [potion of mutation]
102582 | Depths:3 | Lost mutation: Your spells are a little easier to cast, but
                  | a little less powerful. [potion of mutation]
102582 | Depths:3 | Lost mutation: One of your tentacles bears a large vicious
                  | spike. [potion of mutation]
102582 | Depths:3 | Lost mutation: One of your tentacles bears a nasty spike.
                  | [potion of mutation]
102582 | Depths:3 | Gained mutation: You are vulnerable to cold. (rC-) [potion
                  | of mutation]
102582 | Depths:3 | Gained mutation: One of your tentacles bears a nasty spike.
                  | [potion of mutation]
102583 | Depths:3 | Lost mutation: You occasionally lose the ability to read
                  | scrolls when taking damage. [potion of mutation]
102583 | Depths:3 | Lost mutation: You are robust. (+10% HP) [potion of
                  | mutation]
102583 | Depths:3 | Gained mutation: You are covered in fur. (AC +1) [potion of
                  | mutation]
102583 | Depths:3 | Gained mutation: Your natural rate of healing is unusually
                  | fast. [potion of mutation]
102584 | Depths:3 | Lost mutation: One of your tentacles bears a nasty spike.
                  | [potion of mutation]
102584 | Depths:3 | Lost mutation: You are vulnerable to cold. (rC-) [potion of
                  | mutation]
102584 | Depths:3 | Gained mutation: Your system is resistant to poisons.
                  | (rPois) [potion of mutation]
104054 | Coc:1    | Entered Level 1 of Cocytus
104166 | Coc:1    | Reached skill level 27 in Dodging
104722 | Coc:4    | You are sucked into a shaft and drop 2 floors!
105080 | Coc:7    | Entered Level 7 of Cocytus
105351 | Coc:7    | Reached skill level 10 in Summonings
105431 | Coc:7    | Noticed an ancient lich
105439 | Coc:7    | Killed an ancient lich
105593 | Coc:7    | Identified the staff of fire "Pinuun" {Drain rPois rF+ MP+9
                  | Int+2}
105625 | Coc:7    | Found the +4 skin of Zhor {*Englaciate rC+++ SInv}
105642 | Coc:7    | Identified the +0 plate armour of Jocular Liberty {rCorr
                  | Int+2}
105689 | Coc:7    | Noticed a dread lich
105692 | Coc:7    | Killed a dread lich
105987 | Coc:7    | Noticed Antaeus
105993 | Coc:7    | Killed Antaeus
106016 | Coc:7    | Got an icy rune of Zot
106025 | Coc:7    | Identified the +0 pair of boots "Sanon" {rN+}
106094 | Coc:7    | Identified the staff of conjuration "Guef" {rF+}
106597 | Geh:1    | Entered Level 1 of Gehenna
108110 | Geh:7    | Entered Level 7 of Gehenna
108185 | Geh:7    | Noticed the Serpent of Hell
108190 | Geh:7    | Killed the Serpent of Hell
108604 | Geh:7    | Identified the +2 robe "Viachiew" {Str+3}
108615 | Geh:7    | Reached skill level 15 in Summonings
108827 | Geh:7    | Found the +13 sceptre of Asmodeus
108827 | Geh:7    | Noticed Asmodeus
108833 | Geh:7    | Killed Asmodeus
108844 | Geh:7    | Got an obsidian rune of Zot
108845 | Geh:7    | Identified the +8 long sword of Moral Flaws {elec, Dex+3}
108847 | Geh:7    | Identified the staff of conjuration "Jazah" {rElec rN+
                  | Int+3}
109458 | Crypt:2  | Learned a level 7 spell: Storm Form
109463 | Crypt:2  | Learned a level 4 spell: Manifold Assault
109485 | Crypt:2  | Learned a level 9 spell: Dragon's Call
109761 | Tar:1    | Entered Level 1 of Tartarus
110076 | Tar:2    | Reached skill level 15 in Unarmed Combat
111549 | Tar:7    | Entered Level 7 of Tartarus
111551 | Tar:7    | Noticed a dread lich
111558 | Tar:7    | Killed a dread lich
111760 | Tar:7    | Identified the amulet "Itotaliuti" {Spirit Slay+2}
111766 | Tar:7    | Got the Information on Firn
111905 | Tar:7    | Identified the +1 whip of Premature Burial {heavy, Str+4
                  | Dex+2}
111906 | Tar:7    | Identified the ring of Tennamag {Ice rElec Str+6}
111914 | Tar:7    | Noticed a dread lich
111919 | Tar:7    | Killed a dread lich
112104 | Tar:7    | Identified the +9 spear "Setzuequ" {speed, MP-9 Int+3
                  | Stlth+}
112180 | Tar:7    | Noticed an ancient lich
112182 | Tar:7    | Killed an ancient lich
112231 | Tar:7    | Identified the +6 halberd of a Thousand Coins {holy, Int+2}
112232 | Tar:7    | Identified the +3 spear "Transmigrator" {freeze, rPois
                  | Will- Str+8 Stlth+}
112233 | Tar:7    | Identified the staff of air "Virghof" {rElec rN++ Int-2}
112548 | Tar:7    | Noticed Ereshkigal
112560 | Tar:7    | Killed Ereshkigal
112596 | Tar:7    | Got a bone rune of Zot
112924 | Zot:5    | Got the Orb of Zot
113006 | Zot:3    | Noticed Lif Lumu the pandemonium lord
113009 | Zot:3    | Killed Lif Lumu the pandemonium lord
113015 | Zot:3    | Gained mutation: Potions are less effective at restoring
                  | your health. [a cacodemon]
113183 | D:15     | Noticed Kadeyffu the pandemonium lord
113191 | D:15     | Killed Kadeyffu the pandemonium lord
113451 | D:3      | Noticed Kokhak the pandemonium lord
113461 | D:3      | Killed Kokhak the pandemonium lord
113564 | D:$      | Escaped with the Orb!

Illustrated notes

Levels and vault maps discovered:
D:1:      amcnicky_arrival_feature_with_door, layout_loops_ring
D:2:      layout_loops_ring
D:3:      layout_basic, mainiacjoe_overflow_tiny_flanked, chequers_mini_garden,
          chequers_serial_rivers_micro_c, serial_bayou_pond_c,
          hangedman_feature_mirror, kennysheep_generic_room_10,
          uniq_crazy_yiuf_cottage
D:4:      layout_cave_pools, amcnicky_altar_gilded, marbit_many_paths,
          nicolae_qazlal_scattered_showers, nicolae_uskayaw_en_pointe,
          minmay_vboxes
D:5:      layout_gridville, general_overflow_altar
D:6:      layout_loops_cross, uniq_menkaure
D:7:      layout_loops_ring, chequers_temple_overflow_statue_of_worship,
          minmay_temple_entry_sparse_star
D:8:      layout_loops_ring, david_lair_shrubbed, serial_shops,
          kennysheep_little_box, nicolae_square_shop, shop
D:9:      minmay_cut_squares, layout_loops_ring, nicolae_overflow_two_pavilions,
          hiddenorc1_lemuel, minmay_misc_feat_pillars, minmay_door_square,
          minmay_gold_behind_fungi, kb_lookout_dungeons_type,
          nicolae_zen_rock_garden
D:10:     layout_irregular_city, bloody_makhleb, nrook_mini_backslash
D:11:     nzn_winding_woodlands_medium [nzn_winding_woodlands_5x5_cross,
          nzn_winding_woodlands_5x15_jagged,
          nzn_winding_woodlands_5x5_perimeter,
          nzn_winding_woodlands_5x5_checkerboard,
          nzn_winding_woodlands_center_triple_pond,
          nzn_winding_woodlands_5x5_three, nzn_winding_woodlands_hourglass,
          nzn_winding_woodlands_5x15_sidewinder,
          nzn_winding_woodlands_5x5_default], layout_basic, serial_corexii_hall,
          corexii_hall_statues_u, chequers_hall_statues_y, grunt_ministairs_15,
          okawaru_trees_1
D:12:     layout_roguey [special_room_orc], roderic_serpentine_path,
          uniq_jorgrun, uniq_nergalle, uniq_nessos
D:13:     layout_roguey, gauntlet_entry_generic, elyvilon_altar_1
D:14:     layout_basic, grunt_vaults_entry_fortified, enter_trove_3,
          nicolae_vehumet_altar_sigil, uniq_josephine, uniq_frances
D:15:     grunt_enter_depths_giant_problem, layout_cave_pools,
          grunt_decor_fettered, minmay_evil_grid
Lair:1:   layout_big_grid, st_stairs_5, serial_bayou_pond_e, uniq_fannar
Lair:2:   gammafunk_lair_enchanted_lake, layout_gridlike,
          nicolae_shoals_entry_roost, hellmonk_ghost_happy_afterlife,
          serial_bayou_shore_b
Lair:3:   layout_layer_cave, nicolae_spider_entry_orb_guardian, enter_volcano_1,
          infiniplex_staircase_pool, grunt_megastairs_4, uniq_urug, uniq_amaemon
Lair:4:   layout_cave_pods, nicolae_slime_entry_slimehenge, beast_lair_carwin_1,
          grunt_megastairs_2
Lair:5:   gammafunk_lair_ancient_temple, layout_regular_city
Shoals:1: layout_shoals, portal_ice_cave_entry_frozen_things,
          gammafunk_ghost_tricky_traps, uniq_nikola, uniq_kirke, uniq_aizul
Shoals:2: layout_shoals
Shoals:3: layout_shoals, nicolae_shop_overcharged_wands
Shoals:4: shoals_end_grunt_ice, layout_shoals,
          gammafunk_ghost_wrathful_warriors, nicolae_shoals_this_corrosion
Spider:1: nicolae_spider_mines_3, gammafunk_ghost_arena
Spider:2: layout_spider_delve, nicolae_spider_webs_and_nodes,
          nicolae_spider_spiderdrome
Spider:3: layout_spider_delve, ebering_ghost_xom, uniq_arachne
Spider:4: spider_rune_water, nicolae_spider_eight_legs
Slime:1:  layout_caves
Slime:2:  layout_caves
Slime:3:  layout_caves
Slime:4:  layout_caves
Slime:5
Orc:1:    layout_caves
Orc:2:    grunt_orc_tribal_feast, layout_caves, mines2_david
Elf:1:    layout_gridlike, serial_shops, shop_fountains, minmay_elf_sorcery,
          hangedman_glass_teeth, uniq_agnes
Elf:2:    elven_hall_of_blades_hangedman_original [mumra_blade_entry_dagger],
          layout_geoelf_grid, portal_desolation_entry_nicolae_slug,
          minmay_misc_feat_ornament, st_stairs_12
Elf:3:    elf_hall_gauntlet_wide, layout_onion_city, hex_medium
Vaults:1: grunt_vaults_bifocal, v_misc_23, v_misc_15, nicolae_vaults_theta,
          grunt_vaults_diagonal, st_diamondy, nicolae_vaults_trapezoid_layered,
          vaults_mumra_lcd, nicolae_vaults_more_shelving_1, v_misc_19,
          nicolae_vaults_closet_pinwheel_5, nicolae_vaults_surprise_closet,
          vaults_dpeg_spiral, layout_vaults_omnibox
Vaults:2: gammafunk_ghost_necromancy, nicolae_vaults_trapezoid_lopsided_2,
          blue_anna_dwarven_crypt, v_pattern_1, vaults_mumra_minichess,
          nicolae_vaults_offset_grid_hallway_1, nicolae_vaults_rhombus_7,
          hangedman_vaults_variations, nicolae_vaults_heart-shaped_vault,
          vaults_dpeg_ring, nicolae_vaults_border_crossing,
          nicolae_vaults_enemy_cabinets, layout_vaults_quadrants, serial_shops,
          nicolae_book_shop_shelving
Vaults:3: nicolae_vaults_frosty_reception, vaults_room_stairs_pillars,
          v_alt_pattern_2, v_misc_32, nicolae_vaults_network_quinsquares
          [nicolae_vaults_network_quincunx_subvault,
          nicolae_vaults_network_quincunx_subvault,
          nicolae_vaults_network_quincunx_subvault,
          nicolae_vaults_network_quincunx_subvault],
          nicolae_vaults_closet_pinwheel_6, dpeg_vaults_monster_row,
          nicolae_vaults_tangram_1, nicolae_vaults_double_plus_1,
          nicolae_vaults_back_hallway, nicolae_vaults_apartment_1,
          nicolae_vaults_diamond_2, layout_vaults_omnicross, serial_shops,
          nicolae_shop_hallway_stairs, nicolae_shop_hallway_stairs, shop,
          uniq_mennas
Vaults:4: hangedman_vaults_restitches, hangedman_vaults_snaps, v_rooms_2,
          nicolae_vaults_wine_cellar, ontoclasm_vaults_fault, v_misc_12,
          v_misc_29, nicolae_vaults_security_offices_4, layout_vaults_ring,
          serial_shops, nicolae_shop_peninsula
Vaults:5: uniq_mara, uniq_sojobo
Crypt:1:  layout_catacombs, grunt_crypt_arrival_webbed, uniq_xtahua
Crypt:2:  layout_gridlike, beargit_elvish_explorers, uniq_vv, uniq_margery
Crypt:3:  due_elkab, layout_chaotic_city
Tomb:1
Tomb:2
Tomb:3
Depths:1: layout_forbidden_donut, grunt_hell_entry_dis_grunt,
          corexii_corridor_pit, pan_entry,
          nicolae_hepliaklqana_monster_ancestors, minmay_shop_star
Depths:2: cheibrodos_salmonella, layout_honeycomb, rand_demon_pan_entry_9,
          small_statue_intersection, hell_entry,
          hangedman_abyss_or_decor_lesser_grid
Depths:3: dreamdust_isle_of_ice, layout_cave_pools, enter_ziggurat_f,
          abyss_entry_crystal, ploomutoo_gammafunk_ghost_potion_laboratory,
          hell_entry, serial_shops, bzr_entry_customers,
          kilobyte_rumbling_trees, serial_bayou_shore_b
Depths:4: grunt_zot_entry_gee_three, layout_cave_shapes, hell_entry,
          serial_glass, glass_columns_b, glass_columns_c, glass_columns_b,
          glass_columns_a, glass_columns_a, glass_columns_a, glass_columns_a,
          glass_columns_b, amcnicky_mini_rare_corridor_liquid
Hell
Dis:1:    layout_jigsaw, nicolae_dis_strange_trophy_room
Dis:2:    layout_subdivisions
Dis:3:    layout_regular_city
Dis:4:    layout_jigsaw
Dis:5:    layout_regular_city, evilmike_ambush [evilmike_ambush_outer_basic,
          evilmike_ambush_inner_basic]
Dis:6:    layout_overlapping_boxes
Dis:7:    iron_city_of_dis [dis_grunt, dis_wall_8], layout_gridville
Geh:1:    layout_gehenna_pools_basic
Geh:2:    layout_gehenna_pools_basic
Geh:3:    layout_gehenna_pools_basic, nicolae_geh_rippling_lava
Geh:4:    layout_gehenna_pools_basic
Geh:5:    layout_gehenna_lava_caves
Geh:6:    layout_gehenna_pools_triple, nicolae_geh_amphitheater
Geh:7:    geh_grunt_pentagon
Coc:1:    layout_ice_bergs
Coc:2:    layout_cocytus_water_paths
Coc:3:    layout_cocytus_delve, serial_ice, serial_ice_e,
          nicolae_hells_seeping_fissure
Coc:4:    layout_ice_bergs
Coc:6:    layout_cocytus_water_paths
Coc:7:    coc_mu
Tar:1:    layout_grid_maze
Tar:2:    nicolae_tar_funeral_procession, layout_cathedral_of_symmetry
Tar:3:    layout_catacombs
Tar:4:    layout_catacombs
Tar:5:    layout_catacombs
Tar:6:    layout_catacombs
Tar:7:    tar_old
Zot:1:    layout_concentric_octagons
Zot:2:    layout_basic, nzn_ghost_randoct
Zot:3:    dreamdust_black_sun_cult, layout_misc_corridors
Zot:4:    layout_onion_interference, lemuel_baited_zot_trap
Zot:5:    layout_twisted_circle, skrybe_zot_glass_3

Skill      XL: |  1  2  3  4  5  6  7  8  9 10 11 12 13 14 15 16 17 18 19 20 21 22 23 24 25 26 27 |
---------------+----------------------------------------------------------------------------------+-----
Conjurations   | 2 4 6 8 9 10 11 13 14 16 18 20 | 20.0
Air Magic      | 4 5 6 8 10 11 13 15 16 18 19 24 | 24.0
Spellcasting   | 3 4 5 6 7 8 10 12 13 14 15 27 | 27.0
Invocations    | 1 4 7 8 9 11 13 | 13.0
Summonings     | 2 4 6 20 | 20.0
Stealth        | 4 5 8 10 14 15 23 | 23.7
Fighting       | 3 5 7 9 10 12 13 14 15 27 | 27.0
Shields        | 2 5 8 10 12 13 14 15 20 | 20.0
Poison Magic   | 5 7 8 |  8.0
Dodging        | 6 9 10 12 13 14 15 27 | 27.0
Fire Magic     | 1 6 8 25 | 25.6
Evocations     | 5 8 10 19 | 19.0
Transmutations | 4 6 |  6.0
Earth Magic    | 3 6 18 | 18.0
Staves         | 5 7 9 11 12 | 12.0
Translocations | 10 | 10.0
Unarmed Combat | 19 | 19.1
Hexes          | 15 | 15.0
Ice Magic      | 10 | 10.0

Action                     |  1- 3 |  4- 6 |  7- 9 | 10-12 | 13-15 | 16-18 | 19-21 | 22-24 | 25-27 || total
---------------------------+-------+-------+-------+-------+-------+-------+-------+-------+-------++-------
  Melee: Unarmed           |     6 |       |       |       |       |       |       |       |  1235 ||  1241
         Constrict         |     5 |     2 |     5 |     7 |    23 |    51 |    55 |    64 |   247 ||   459
         Tentacles         |     4 |     4 |     2 |     4 |    73 |    70 |   143 |   193 |   725 ||  1218
         Short sword       |    12 |     3 |       |       |       |       |     9 |    49 |    14 ||    87
         Punch             |       |     1 |       |     2 |     3 |    10 |    14 |    11 |   237 ||   278
         Double sword      |       |     9 |       |       |       |   173 |       |       |       ||   182
         Dagger            |       |       |     2 |       |       |       |       |       |       ||     2
         Mace              |       |       |     9 |    17 |       |    29 |   108 |       |       ||   163
         Long sword        |       |       |       |    14 |   185 |     1 |       |       |       ||   200
         Staff             |       |       |       |       |       |       |   226 |   380 |  1640 ||  2246
         Kick              |       |       |       |       |       |       |       |       |   538 ||   538
  Throw: Dart              |       |     5 |     3 |       |       |       |       |       |       ||     8
         Stone             |       |     2 |       |       |       |       |       |       |       ||     2
   Cast: Shock             |    60 |    73 |    82 |   127 |   296 |    55 |     1 |     2 |     1 ||   697
         Static Discharge  |     1 |     4 |     8 |    14 |    11 |       |       |       |       ||    38
         Foxfire           |       |     1 |    66 |    29 |    32 |       |       |       |       ||   128
         Airstrike         |       |       |     9 |    35 |    57 |    17 |    23 |    10 |     1 ||   152
         Summon Lightning  |       |       |     1 |    15 |    39 |    35 |       |     2 |     4 ||    96
         Call Canine Famil |       |       |       |     5 |     1 |     1 |       |       |       ||     7
         Ignite Poison     |       |       |       |    17 |    65 |    60 |    43 |     8 |    27 ||   220
         Olgreb's Toxic Ra |       |       |       |    14 |    56 |    73 |    47 |    13 |    31 ||   234
         Arcjolt           |       |       |       |     1 |    43 |    50 |    67 |    88 |    64 ||   313
         Mephitic Cloud    |       |       |       |       |    29 |    33 |    20 |    18 |     3 ||   103
         Plasma Beam       |       |       |       |       |     2 |   130 |   184 |   348 |  1235 ||  1899
         Irradiate         |       |       |       |       |       |    15 |    25 |    31 |    40 ||   111
         Statue Form       |       |       |       |       |       |     2 |    86 |    86 |   188 ||   362
         Conjure Ball Ligh |       |       |       |       |       |       |    15 |       |     6 ||    21
         Chain Lightning   |       |       |       |       |       |       |       |       |   356 ||   356
         Storm Form        |       |       |       |       |       |       |       |       |   165 ||   165
         Shatter           |       |       |       |       |       |       |       |       |    75 ||    75
         Enfeeble          |       |       |       |       |       |       |       |       |    61 ||    61
         Ozocubu's Refrige |       |       |       |       |       |       |       |       |    50 ||    50
         Ignition          |       |       |       |       |       |       |       |       |    48 ||    48
         Maxwell's Capacit |       |       |       |       |       |       |       |       |    43 ||    43
         Sublimation of Bl |       |       |       |       |       |       |       |       |    27 ||    27
         Dragon's Call     |       |       |       |       |       |       |       |       |    21 ||    21
         Death Channel     |       |       |       |       |       |       |       |       |    15 ||    15
         Lesser Beckoning  |       |       |       |       |       |       |       |       |    11 ||    11
         Vhi's Electric Ch |       |       |       |       |       |       |       |       |     9 ||     9
         Manifold Assault  |       |       |       |       |       |       |       |       |     6 ||     6
         Passage of Golubr |       |       |       |       |       |       |       |       |     5 ||     5
         Apportation       |       |       |       |       |       |       |       |       |     1 ||     1
 Invoke: Bend Time         |       |       |       |     1 |     1 |     4 |    12 |     3 |     3 ||    24
         Slouch            |       |       |       |     3 |     6 |     3 |     8 |     9 |     8 ||    37
         Step From Time    |       |       |       |       |     1 |     1 |       |       |     3 ||     5
         Temporal Distorti |       |       |       |       |       |     2 |     1 |       |       ||     3
Ability: Blinkbolt         |       |       |       |       |       |       |       |       |     4 ||     4
         End Transformatio |       |       |       |       |       |       |       |       |     1 ||     1
  Evoke: Wand              |       |       |     6 |     6 |       |       |       |       |    11 ||    23
         Phantom mirror    |       |       |       |     1 |     1 |     2 |     1 |     2 |     1 ||     8
         Condenser vane    |       |       |       |       |     1 |     2 |     2 |     1 |     2 ||     8
         Phial of floods   |       |       |       |       |       |     1 |       |     1 |       ||     2
         Lightning rod     |       |       |       |       |       |     4 |       |       |       ||     4
    Use: Scroll            |       |    10 |    11 |     5 |    10 |    16 |     8 |     7 |    49 ||   116
         Potion            |       |       |     2 |     2 |     2 |     3 |       |    10 |    43 ||    62
   Stab: Sleeping          |     3 |       |     1 |       |     9 |       |     5 |     5 |    26 ||    49
         Distracted        |       |       |       |       |     3 |     1 |     2 |     4 |    27 ||    37
         Confused          |       |       |       |       |     5 |     6 |     4 |     4 |       ||    19
         Invisible         |       |       |       |       |       |       |       |       |     6 ||     6
         Paralysed         |       |       |       |       |       |       |       |       |     1 ||     1
 Armour: Skin              |     2 |     3 |     2 |     3 |    14 |    23 |   129 |   180 |   580 ||   936
  Dodge: Dodged            |    13 |    21 |    28 |    46 |   219 |   393 |   675 |   762 |  4484 ||  6641
  Block: Buckler           |       |       |       |    20 |       |       |       |       |       ||    20
         Kite shield       |       |       |       |     4 |   194 |   282 |   148 |       |       ||   628
         Tower shield      |       |       |       |       |       |       |   524 |   952 |  3454 ||  4930
